Workbook

Sheet Calculator
B2: NEEDTHESEAPPS.COM
B3: Savings Withdrawal Calculator
B4: Can your savings support the monthly income you want? See whether your savings are projected to last for the period you choose and what may be left at the end.
B5: Open the full calculator online ↗
B7: YOUR NUMBERS
B8: Current savings | C8: 2000000
B9: Monthly amount you want to receive | C9: 10000
B10: Estimated annual return | C10: 5
B11: Time horizon (years, max 30) | C11: 10
B12: Capital gains tax | C12: 15
B13: Currency symbol you use | C13: $
B14: ="Edit the seven blue cells. Everything else calculates automatically. Amounts are shown in "&$C$13&"." -> Edit the seven blue cells. Everything else calculates automatically. Amounts are shown in $.
B16: YOUR RESULT
B17: =IF(_Engine!$B$2="","Your savings are projected to last the full "&$C$11&" years.","Your savings are projected to run out after "&INT(_Engine!$B$2/12)&" years and "&MOD(_Engine!$B$2,12)&" months.") -> Your savings are projected to last the full 10 years.
B18: ="After receiving "&$C$13&TEXT($C$9,"#,##0")&" net per month, about "&$C$13&TEXT(_Engine!$B$4,"#,##0")&" is projected to remain in your savings after "&$C$11&" years." -> After receiving $10,000 net per month, about $1,667,254 is projected to remain in your savings after 10 years.
B19: ="You're asking to take out "&TEXT(_Engine!$B$6,"0.0")&"% of your savings each year. Most retirement plans rely on 3–5%." -> You're asking to take out 6.0% of your savings each year. Most retirement plans rely on 3–5%.
C21: Your starting savings | E21: Amount projected to remain | G21: Net income you receive
C22: =$C$8 -> 2000000 | E22: =_Engine!$B$4 -> 1667253.8 | G22: =_Engine!$B$5 -> 1200000
G23: =$C$13&TEXT($C$9,"#,##0")&" net per month" -> $10,000 net per month
B25: MORE DETAIL
B26: What it may be worth in today's money
B27: Assumed annual inflation | C27: 2.5
B28: Amount projected to remain | C28: =_Engine!$B$4 -> 1667253.8
B29: Estimated value in today's money | C29: =_Engine!$B$4/POWER(1+($C$27/100),_Engine!$B$3/12) -> 1302456
B31: Tax and gross withdrawals
B32: Gross amount withdrawn from your fund | C32: =SUMIFS(Breakdown!$F$4:$F$363,Breakdown!$A$4:$A$363,"<="&_Engine!$B$3) -> 1239449.9
B33: Estimated tax | C33: =SUMIFS(Breakdown!$G$4:$G$363,Breakdown!$A$4:$A$363,"<="&_Engine!$B$3) -> 39449.857
B34: Net income you receive | C34: =_Engine!$B$5 -> 1200000
B36: This assumes the same return every year. Bad years early on hurt more than bad years later — it's worth also trying a lower return. · Planning estimate based on the assumptions you entered. Not financial advice.

Sheet Breakdown
A1: Month-by-month breakdown
A2: ="Every figure on the Calculator sheet comes from these rows. Nothing here needs editing. Amounts are shown in "&Calculator!$C$13&"." -> Every figure on the Calculator sheet comes from these rows. Nothing here needs editing. Amounts are shown in $.
A3: Month | B3: Opening balance | C3: Growth | D3: Balance after growth | E3: Cost basis | F3: Gross withdrawn | G3: Estimated tax | H3: Net received | I3: Basis used | J3: Closing balance | K3: Depleted
A4: 1 | B4: =Calculator!$C$8 -> 2000000 | C4: =IF($B4<=0,0,$B4*(POWER(1+Calculator!$C$10/100,1/12)-1)) -> 8148.2476 | D4: =$B4+$C4 -> 2008148.2 | E4: =Calculator!$C$8 -> 2000000 | F4: =IF(OR($D4<=0,$A4>Calculator!$C$11*12),0,MIN($D4,Calculator!$C$9/(1-(Calculator!$C$12/100)*MAX(0,1-$E4/MAX($D4,0.0001))))) -> 10006.09 | G4: =$F4*(Calculator!$C$12/100)*MAX(0,1-$E4/MAX($D4,0.0001)) -> 6.0900956 | H4: =$F4-$G4 -> 10000 | I4: =$E4-IF($D4<=0,0,$E4*$F4/MAX($D4,0.0001)) -> 1990034.5 | J4: =MAX(0,$D4-$F4) -> 1998142.2 | K4: =IF(AND($J4<=0.5,$A4<=Calculator!$C$11*12),1,0) -> 0
A5: 2 | B5: =$J$4 -> 1998142.2 | C5: =IF($B5<=0,0,$B5*(POWER(1+Calculator!$C$10/100,1/12)-1)) -> 8140.6785 | D5: =$B5+$C5 -> 2006282.8 | E5: =$I$4 -> 1990034.5 | F5: =IF(OR($D5<=0,$A5>Calculator!$C$11*12),0,MIN($D5,Calculator!$C$9/(1-(Calculator!$C$12/100)*MAX(0,1-$E5/MAX($D5,0.0001))))) -> 10012.163 | G5: =$F5*(Calculator!$C$12/100)*MAX(0,1-$E5/MAX($D5,0.0001)) -> 12.162857 | H5: =$F5-$G5 -> 10000 | I5: =$E5-IF($D5<=0,0,$E5*$F5/MAX($D5,0.0001)) -> 1980103.4 | J5: =MAX(0,$D5-$F5) -> 1996270.7 | K5: =IF(AND($J5<=0.5,$A5<=Calculator!$C$11*12),1,0) -> 0
A6: 3 | B6: =$J$5 -> 1996270.7 | C6: =IF($B6<=0,0,$B6*(POWER(1+Calculator!$C$10/100,1/12)-1)) -> 8133.0538 | D6: =$B6+$C6 -> 2004403.7 | E6: =$I$5 -> 1980103.4 | F6: =IF(OR($D6<=0,$A6>Calculator!$C$11*12),0,MIN($D6,Calculator!$C$9/(1-(Calculator!$C$12/100)*MAX(0,1-$E6/MAX($D6,0.0001))))) -> 10018.218 | G6: =$F6*(Calculator!$C$12/100)*MAX(0,1-$E6/MAX($D6,0.0001)) -> 18.218309 | H6: =$F6-$G6 -> 10000 | I6: =$E6-IF($D6<=0,0,$E6*$F6/MAX($D6,0.0001)) -> 1970206.7 | J6: =MAX(0,$D6-$F6) -> 1994385.5 | K6: =IF(AND($J6<=0.5,$A6<=Calculator!$C$11*12),1,0) -> 0
A7: 4 | B7: =$J$6 -> 1994385.5 | C7: =IF($B7<=0,0,$B7*(POWER(1+Calculator!$C$10/100,1/12)-1)) -> 8125.3734 | D7: =$B7+$C7 -> 2002510.9 | E7: =$I$6 -> 1970206.7 | F7: =IF(OR($D7<=0,$A7>Calculator!$C$11*12),0,MIN($D7,Calculator!$C$9/(1-(Calculator!$C$12/100)*MAX(0,1-$E7/MAX($D7,0.0001))))) -> 10024.256 | G7: =$F7*(Calculator!$C$12/100)*MAX(0,1-$E7/MAX($D7,0.0001)) -> 24.256475 | H7: =$F7-$G7 -> 10000 | I7: =$E7-IF($D7<=0,0,$E7*$F7/MAX($D7,0.0001)) -> 1960344.1 | J7: =MAX(0,$D7-$F7) -> 1992486.6 | K7: =IF(AND($J7<=0.5,$A7<=Calculator!$C$11*12),1,0) -> 0
A8: 5 | B8: =$J$7 -> 1992486.6 | C8: =IF($B8<=0,0,$B8*(POWER(1+Calculator!$C$10/100,1/12)-1)) -> 8117.6371 | D8: =$B8+$C8 -> 2000604.3 | E8: =$I$7 -> 1960344.1 | F8: =IF(OR($D8<=0,$A8>Calculator!$C$11*12),0,MIN($D8,Calculator!$C$9/(1-(Calculator!$C$12/100)*MAX(0,1-$E8/MAX($D8,0.0001))))) -> 10030.277 | G8: =$F8*(Calculator!$C$12/100)*MAX(0,1-$E8/MAX($D8,0.0001)) -> 30.277379 | H8: =$F8-$G8 -> 10000 | I8: =$E8-IF($D8<=0,0,$E8*$F8/MAX($D8,0.0001)) -> 1950515.7 | J8: =MAX(0,$D8-$F8) -> 1990574 | K8: =IF(AND($J8<=0.5,$A8<=Calculator!$C$11*12),1,0) -> 0
A9: 6 | B9: =$J$8 -> 1990574 | C9: =IF($B9<=0,0,$B9*(POWER(1+Calculator!$C$10/100,1/12)-1)) -> 8109.8448 | D9: =$B9+$C9 -> 1998683.8 | E9: =$I$8 -> 1950515.7 | F9: =IF(OR($D9<=0,$A9>Calculator!$C$11*12),0,MIN($D9,Calculator!$C$9/(1-(Calculator!$C$12/100)*MAX(0,1-$E9/MAX($D9,0.0001))))) -> 10036.281 | G9: =$F9*(Calculator!$C$12/100)*MAX(0,1-$E9/MAX($D9,0.0001)) -> 36.281046 | H9: =$F9-$G9 -> 10000 | I9: =$E9-IF($D9<=0,0,$E9*$F9/MAX($D9,0.0001)) -> 1940721.3 | J9: =MAX(0,$D9-$F9) -> 1988647.5 | K9: =IF(AND($J9<=0.5,$A9<=Calculator!$C$11*12),1,0) -> 0
A10: 7 | B10: =$J$9 -> 1988647.5 | C10: =IF($B10<=0,0,$B10*(POWER(1+Calculator!$C$10/100,1/12)-1)) -> 8101.9963 | D10: =$B10+$C10 -> 1996749.5 | E10: =$I$9 -> 1940721.3 | F10: =IF(OR($D10<=0,$A10>Calculator!$C$11*12),0,MIN($D10,Calculator!$C$9/(1-(Calculator!$C$12/100)*MAX(0,1-$E10/MAX($D10,0.0001))))) -> 10042.268 | G10: =$F10*(Calculator!$C$12/100)*MAX(0,1-$E10/MAX($D10,0.0001)) -> 42.2675 | H10: =$F10-$G10 -> 10000 | I10: =$E10-IF($D10<=0,0,$E10*$F10/MAX($D10,0.0001)) -> 1930960.8 | J10: =MAX(0,$D10-$F10) -> 1986707.3 | K10: =IF(AND($J10<=0.5,$A10<=Calculator!$C$11*12),1,0) -> 0
A11: 8 | B11: =$J$10 -> 1986707.3 | C11: =IF($B11<=0,0,$B11*(POWER(1+Calculator!$C$10/100,1/12)-1)) -> 8094.0914 | D11: =$B11+$C11 -> 1994801.4 | E11: =$I$10 -> 1930960.8 | F11: =IF(OR($D11<=0,$A11>Calculator!$C$11*12),0,MIN($D11,Calculator!$C$9/(1-(Calculator!$C$12/100)*MAX(0,1-$E11/MAX($D11,0.0001))))) -> 10048.237 | G11: =$F11*(Calculator!$C$12/100)*MAX(0,1-$E11/MAX($D11,0.0001)) -> 48.236766 | H11: =$F11-$G11 -> 10000 | I11: =$E11-IF($D11<=0,0,$E11*$F11/MAX($D11,0.0001)) -> 1921234.1 | J11: =MAX(0,$D11-$F11) -> 1984753.1 | K11: =IF(AND($J11<=0.5,$A11<=Calculator!$C$11*12),1,0) -> 0
A12: 9 | B12: =$J$11 -> 1984753.1 | C12: =IF($B12<=0,0,$B12*(POWER(1+Calculator!$C$10/100,1/12)-1)) -> 8086.1299 | D12: =$B12+$C12 -> 1992839.3 | E12: =$I$11 -> 1921234.1 | F12: =IF(OR($D12<=0,$A12>Calculator!$C$11*12),0,MIN($D12,Calculator!$C$9/(1-(Calculator!$C$12/100)*MAX(0,1-$E12/MAX($D12,0.0001))))) -> 10054.189 | G12: =$F12*(Calculator!$C$12/100)*MAX(0,1-$E12/MAX($D12,0.0001)) -> 54.188869 | H12: =$F12-$G12 -> 10000 | I12: =$E12-IF($D12<=0,0,$E12*$F12/MAX($D12,0.0001)) -> 1911541.2 | J12: =MAX(0,$D12-$F12) -> 1982785.1 | K12: =IF(AND($J12<=0.5,$A12<=Calculator!$C$11*12),1,0) -> 0
A13: 10 | B13: =$J$12 -> 1982785.1 | C13: =IF($B13<=0,0,$B13*(POWER(1+Calculator!$C$10/100,1/12)-1)) -> 8078.1118 | D13: =$B13+$C13 -> 1990863.2 | E13: =$I$12 -> 1911541.2 | F13: =IF(OR($D13<=0,$A13>Calculator!$C$11*12),0,MIN($D13,Calculator!$C$9/(1-(Calculator!$C$12/100)*MAX(0,1-$E13/MAX($D13,0.0001))))) -> 10060.124 | G13: =$F13*(Calculator!$C$12/100)*MAX(0,1-$E13/MAX($D13,0.0001)) -> 60.123833 | H13: =$F13-$G13 -> 10000 | I13: =$E13-IF($D13<=0,0,$E13*$F13/MAX($D13,0.0001)) -> 1901881.9 | J13: =MAX(0,$D13-$F13) -> 1980803.1 | K13: =IF(AND($J13<=0.5,$A13<=Calculator!$C$11*12),1,0) -> 0
A14: 11 | B14: =$J$13 -> 1980803.1 | C14: =IF($B14<=0,0,$B14*(POWER(1+Calculator!$C$10/100,1/12)-1)) -> 8070.0369 | D14: =$B14+$C14 -> 1988873.1 | E14: =$I$13 -> 1901881.9 | F14: =IF(OR($D14<=0,$A14>Calculator!$C$11*12),0,MIN($D14,Calculator!$C$9/(1-(Calculator!$C$12/100)*MAX(0,1-$E14/MAX($D14,0.0001))))) -> 10066.042 | G14: =$F14*(Calculator!$C$12/100)*MAX(0,1-$E14/MAX($D14,0.0001)) -> 66.041683 | H14: =$F14-$G14 -> 10000 | I14: =$E14-IF($D14<=0,0,$E14*$F14/MAX($D14,0.0001)) -> 1892256.2 | J14: =MAX(0,$D14-$F14) -> 1978807.1 | K14: =IF(AND($J14<=0.5,$A14<=Calculator!$C$11*12),1,0) -> 0
A15: 12 | B15: =$J$14 -> 1978807.1 | C15: =IF($B15<=0,0,$B15*(POWER(1+Calculator!$C$10/100,1/12)-1)) -> 8061.9049 | D15: =$B15+$C15 -> 1986869 | E15: =$I$14 -> 1892256.2 | F15: =IF(OR($D15<=0,$A15>Calculator!$C$11*12),0,MIN($D15,Calculator!$C$9/(1-(Calculator!$C$12/100)*MAX(0,1-$E15/MAX($D15,0.0001))))) -> 10071.942 | G15: =$F15*(Calculator!$C$12/100)*MAX(0,1-$E15/MAX($D15,0.0001)) -> 71.942446 | H15: =$F15-$G15 -> 10000 | I15: =$E15-IF($D15<=0,0,$E15*$F15/MAX($D15,0.0001)) -> 1882663.8 | J15: =MAX(0,$D15-$F15) -> 1976797 | K15: =IF(AND($J15<=0.5,$A15<=Calculator!$C$11*12),1,0) -> 0
A16: 13 | B16: =$J$15 -> 1976797 | C16: =IF($B16<=0,0,$B16*(POWER(1+Calculator!$C$10/100,1/12)-1)) -> 8053.7158 | D16: =$B16+$C16 -> 1984850.7 | E16: =$I$15 -> 1882663.8 | F16: =IF(OR($D16<=0,$A16>Calculator!$C$11*12),0,MIN($D16,Calculator!$C$9/(1-(Calculator!$C$12/100)*MAX(0,1-$E16/MAX($D16,0.0001))))) -> 10077.826 | G16: =$F16*(Calculator!$C$12/100)*MAX(0,1-$E16/MAX($D16,0.0001)) -> 77.826146 | H16: =$F16-$G16 -> 10000 | I16: =$E16-IF($D16<=0,0,$E16*$F16/MAX($D16,0.0001)) -> 1873104.8 | J16: =MAX(0,$D16-$F16) -> 1974772.9 | K16: =IF(AND($J16<=0.5,$A16<=Calculator!$C$11*12),1,0) -> 0
A17: 14 | B17: =$J$16 -> 1974772.9 | C17: =IF($B17<=0,0,$B17*(POWER(1+Calculator!$C$10/100,1/12)-1)) -> 8045.4693 | D17: =$B17+$C17 -> 1982818.4 | E17: =$I$16 -> 1873104.8 | F17: =IF(OR($D17<=0,$A17>Calculator!$C$11*12),0,MIN($D17,Calculator!$C$9/(1-(Calculator!$C$12/100)*MAX(0,1-$E17/MAX($D17,0.0001))))) -> 10083.693 | G17: =$F17*(Calculator!$C$12/100)*MAX(0,1-$E17/MAX($D17,0.0001)) -> 83.692808 | H17: =$F17-$G17 -> 10000 | I17: =$E17-IF($D17<=0,0,$E17*$F17/MAX($D17,0.0001)) -> 1863579.1 | J17: =MAX(0,$D17-$F17) -> 1972734.7 | K17: =IF(AND($J17<=0.5,$A17<=Calculator!$C$11*12),1,0) -> 0
A18: 15 | B18: =$J$17 -> 1972734.7 | C18: =IF($B18<=0,0,$B18*(POWER(1+Calculator!$C$10/100,1/12)-1)) -> 8037.1653 | D18: =$B18+$C18 -> 1980771.9 | E18: =$I$17 -> 1863579.1 | F18: =IF(OR($D18<=0,$A18>Calculator!$C$11*12),0,MIN($D18,Calculator!$C$9/(1-(Calculator!$C$12/100)*MAX(0,1-$E18/MAX($D18,0.0001))))) -> 10089.542 | G18: =$F18*(Calculator!$C$12/100)*MAX(0,1-$E18/MAX($D18,0.0001)) -> 89.542459 | H18: =$F18-$G18 -> 10000 | I18: =$E18-IF($D18<=0,0,$E18*$F18/MAX($D18,0.0001)) -> 1854086.5 | J18: =MAX(0,$D18-$F18) -> 1970682.3 | K18: =IF(AND($J18<=0.5,$A18<=Calculator!$C$11*12),1,0) -> 0
A19: 16 | B19: =$J$18 -> 1970682.3 | C19: =IF($B19<=0,0,$B19*(POWER(1+Calculator!$C$10/100,1/12)-1)) -> 8028.8037 | D19: =$B19+$C19 -> 1978711.1 | E19: =$I$18 -> 1854086.5 | F19: =IF(OR($D19<=0,$A19>Calculator!$C$11*12),0,MIN($D19,Calculator!$C$9/(1-(Calculator!$C$12/100)*MAX(0,1-$E19/MAX($D19,0.0001))))) -> 10095.375 | G19: =$F19*(Calculator!$C$12/100)*MAX(0,1-$E19/MAX($D19,0.0001)) -> 95.375124 | H19: =$F19-$G19 -> 10000 | I19: =$E19-IF($D19<=0,0,$E19*$F19/MAX($D19,0.0001)) -> 1844627 | J19: =MAX(0,$D19-$F19) -> 1968615.7 | K19: =IF(AND($J19<=0.5,$A19<=Calculator!$C$11*12),1,0) -> 0
A20: 17 | B20: =$J$19 -> 1968615.7 | C20: =IF($B20<=0,0,$B20*(POWER(1+Calculator!$C$10/100,1/12)-1)) -> 8020.3842 | D20: =$B20+$C20 -> 1976636.1 | E20: =$I$19 -> 1844627 | F20: =IF(OR($D20<=0,$A20>Calculator!$C$11*12),0,MIN($D20,Calculator!$C$9/(1-(Calculator!$C$12/100)*MAX(0,1-$E20/MAX($D20,0.0001))))) -> 10101.191 | G20: =$F20*(Calculator!$C$12/100)*MAX(0,1-$E20/MAX($D20,0.0001)) -> 101.19083 | H20: =$F20-$G20 -> 10000 | I20: =$E20-IF($D20<=0,0,$E20*$F20/MAX($D20,0.0001)) -> 1835200.4 | J20: =MAX(0,$D20-$F20) -> 1966534.9 | K20: =IF(AND($J20<=0.5,$A20<=Calculator!$C$11*12),1,0) -> 0
A21: 18 | B21: =$J$20 -> 1966534.9 | C21: =IF($B21<=0,0,$B21*(POWER(1+Calculator!$C$10/100,1/12)-1)) -> 8011.9067 | D21: =$B21+$C21 -> 1974546.8 | E21: =$I$20 -> 1835200.4 | F21: =IF(OR($D21<=0,$A21>Calculator!$C$11*12),0,MIN($D21,Calculator!$C$9/(1-(Calculator!$C$12/100)*MAX(0,1-$E21/MAX($D21,0.0001))))) -> 10106.99 | G21: =$F21*(Calculator!$C$12/100)*MAX(0,1-$E21/MAX($D21,0.0001)) -> 106.9896 | H21: =$F21-$G21 -> 10000 | I21: =$E21-IF($D21<=0,0,$E21*$F21/MAX($D21,0.0001)) -> 1825806.7 | J21: =MAX(0,$D21-$F21) -> 1964439.8 | K21: =IF(AND($J21<=0.5,$A21<=Calculator!$C$11*12),1,0) -> 0
A22: 19 | B22: =$J$21 -> 1964439.8 | C22: =IF($B22<=0,0,$B22*(POWER(1+Calculator!$C$10/100,1/12)-1)) -> 8003.3711 | D22: =$B22+$C22 -> 1972443.2 | E22: =$I$21 -> 1825806.7 | F22: =IF(OR($D22<=0,$A22>Calculator!$C$11*12),0,MIN($D22,Calculator!$C$9/(1-(Calculator!$C$12/100)*MAX(0,1-$E22/MAX($D22,0.0001))))) -> 10112.771 | G22: =$F22*(Calculator!$C$12/100)*MAX(0,1-$E22/MAX($D22,0.0001)) -> 112.77146 | H22: =$F22-$G22 -> 10000 | I22: =$E22-IF($D22<=0,0,$E22*$F22/MAX($D22,0.0001)) -> 1816445.7 | J22: =MAX(0,$D22-$F22) -> 1962330.4 | K22: =IF(AND($J22<=0.5,$A22<=Calculator!$C$11*12),1,0) -> 0
A23: 20 | B23: =$J$22 -> 1962330.4 | C23: =IF($B23<=0,0,$B23*(POWER(1+Calculator!$C$10/100,1/12)-1)) -> 7994.7771 | D23: =$B23+$C23 -> 1970325.2 | E23: =$I$22 -> 1816445.7 | F23: =IF(OR($D23<=0,$A23>Calculator!$C$11*12),0,MIN($D23,Calculator!$C$9/(1-(Calculator!$C$12/100)*MAX(0,1-$E23/MAX($D23,0.0001))))) -> 10118.536 | G23: =$F23*(Calculator!$C$12/100)*MAX(0,1-$E23/MAX($D23,0.0001)) -> 118.53644 | H23: =$F23-$G23 -> 10000 | I23: =$E23-IF($D23<=0,0,$E23*$F23/MAX($D23,0.0001)) -> 1807117.4 | J23: =MAX(0,$D23-$F23) -> 1960206.7 | K23: =IF(AND($J23<=0.5,$A23<=Calculator!$C$11*12),1,0) -> 0
A24: 21 | B24: =$J$23 -> 1960206.7 | C24: =IF($B24<=0,0,$B24*(POWER(1+Calculator!$C$10/100,1/12)-1)) -> 7986.1247 | D24: =$B24+$C24 -> 1968192.8 | E24: =$I$23 -> 1807117.4 | F24: =IF(OR($D24<=0,$A24>Calculator!$C$11*12),0,MIN($D24,Calculator!$C$9/(1-(Calculator!$C$12/100)*MAX(0,1-$E24/MAX($D24,0.0001))))) -> 10124.285 | G24: =$F24*(Calculator!$C$12/100)*MAX(0,1-$E24/MAX($D24,0.0001)) -> 124.28457 | H24: =$F24-$G24 -> 10000 | I24: =$E24-IF($D24<=0,0,$E24*$F24/MAX($D24,0.0001)) -> 1797821.7 | J24: =MAX(0,$D24-$F24) -> 1958068.5 | K24: =IF(AND($J24<=0.5,$A24<=Calculator!$C$11*12),1,0) -> 0
A25: 22 | B25: =$J$24 -> 1958068.5 | C25: =IF($B25<=0,0,$B25*(POWER(1+Calculator!$C$10/100,1/12)-1)) -> 7977.4136 | D25: =$B25+$C25 -> 1966045.9 | E25: =$I$24 -> 1797821.7 | F25: =IF(OR($D25<=0,$A25>Calculator!$C$11*12),0,MIN($D25,Calculator!$C$9/(1-(Calculator!$C$12/100)*MAX(0,1-$E25/MAX($D25,0.0001))))) -> 10130.016 | G25: =$F25*(Calculator!$C$12/100)*MAX(0,1-$E25/MAX($D25,0.0001)) -> 130.01586 | H25: =$F25-$G25 -> 10000 | I25: =$E25-IF($D25<=0,0,$E25*$F25/MAX($D25,0.0001)) -> 1788558.4 | J25: =MAX(0,$D25-$F25) -> 1955915.9 | K25: =IF(AND($J25<=0.5,$A25<=Calculator!$C$11*12),1,0) -> 0
A26: 23 | B26: =$J$25 -> 1955915.9 | C26: =IF($B26<=0,0,$B26*(POWER(1+Calculator!$C$10/100,1/12)-1)) -> 7968.6436 | D26: =$B26+$C26 -> 1963884.6 | E26: =$I$25 -> 1788558.4 | F26: =IF(OR($D26<=0,$A26>Calculator!$C$11*12),0,MIN($D26,Calculator!$C$9/(1-(Calculator!$C$12/100)*MAX(0,1-$E26/MAX($D26,0.0001))))) -> 10135.73 | G26: =$F26*(Calculator!$C$12/100)*MAX(0,1-$E26/MAX($D26,0.0001)) -> 135.73036 | H26: =$F26-$G26 -> 10000 | I26: =$E26-IF($D26<=0,0,$E26*$F26/MAX($D26,0.0001)) -> 1779327.6 | J26: =MAX(0,$D26-$F26) -> 1953748.8 | K26: =IF(AND($J26<=0.5,$A26<=Calculator!$C$11*12),1,0) -> 0
A27: 24 | B27: =$J$26 -> 1953748.8 | C27: =IF($B27<=0,0,$B27*(POWER(1+Calculator!$C$10/100,1/12)-1)) -> 7959.8146 | D27: =$B27+$C27 -> 1961708.7 | E27: =$I$26 -> 1779327.6 | F27: =IF(OR($D27<=0,$A27>Calculator!$C$11*12),0,MIN($D27,Calculator!$C$9/(1-(Calculator!$C$12/100)*MAX(0,1-$E27/MAX($D27,0.0001))))) -> 10141.428 | G27: =$F27*(Calculator!$C$12/100)*MAX(0,1-$E27/MAX($D27,0.0001)) -> 141.42808 | H27: =$F27-$G27 -> 10000 | I27: =$E27-IF($D27<=0,0,$E27*$F27/MAX($D27,0.0001)) -> 1770129 | J27: =MAX(0,$D27-$F27) -> 1951567.2 | K27: =IF(AND($J27<=0.5,$A27<=Calculator!$C$11*12),1,0) -> 0
A28: 25 | B28: =$J$27 -> 1951567.2 | C28: =IF($B28<=0,0,$B28*(POWER(1+Calculator!$C$10/100,1/12)-1)) -> 7950.9264 | D28: =$B28+$C28 -> 1959518.2 | E28: =$I$27 -> 1770129 | F28: =IF(OR($D28<=0,$A28>Calculator!$C$11*12),0,MIN($D28,Calculator!$C$9/(1-(Calculator!$C$12/100)*MAX(0,1-$E28/MAX($D28,0.0001))))) -> 10147.109 | G28: =$F28*(Calculator!$C$12/100)*MAX(0,1-$E28/MAX($D28,0.0001)) -> 147.10905 | H28: =$F28-$G28 -> 10000 | I28: =$E28-IF($D28<=0,0,$E28*$F28/MAX($D28,0.0001)) -> 1760962.6 | J28: =MAX(0,$D28-$F28) -> 1949371 | K28: =IF(AND($J28<=0.5,$A28<=Calculator!$C$11*12),1,0) -> 0
A29: 26 | B29: =$J$28 -> 1949371 | C29: =IF($B29<=0,0,$B29*(POWER(1+Calculator!$C$10/100,1/12)-1)) -> 7941.9789 | D29: =$B29+$C29 -> 1957313 | E29: =$I$28 -> 1760962.6 | F29: =IF(OR($D29<=0,$A29>Calculator!$C$11*12),0,MIN($D29,Calculator!$C$9/(1-(Calculator!$C$12/100)*MAX(0,1-$E29/MAX($D29,0.0001))))) -> 10152.773 | G29: =$F29*(Calculator!$C$12/100)*MAX(0,1-$E29/MAX($D29,0.0001)) -> 152.7733 | H29: =$F29-$G29 -> 10000 | I29: =$E29-IF($D29<=0,0,$E29*$F29/MAX($D29,0.0001)) -> 1751828.3 | J29: =MAX(0,$D29-$F29) -> 1947160.2 | K29: =IF(AND($J29<=0.5,$A29<=Calculator!$C$11*12),1,0) -> 0
A30: 27 | B30: =$J$29 -> 1947160.2 | C30: =IF($B30<=0,0,$B30*(POWER(1+Calculator!$C$10/100,1/12)-1)) -> 7932.9719 | D30: =$B30+$C30 -> 1955093.2 | E30: =$I$29 -> 1751828.3 | F30: =IF(OR($D30<=0,$A30>Calculator!$C$11*12),0,MIN($D30,Calculator!$C$9/(1-(Calculator!$C$12/100)*MAX(0,1-$E30/MAX($D30,0.0001))))) -> 10158.421 | G30: =$F30*(Calculator!$C$12/100)*MAX(0,1-$E30/MAX($D30,0.0001)) -> 158.42085 | H30: =$F30-$G30 -> 10000 | I30: =$E30-IF($D30<=0,0,$E30*$F30/MAX($D30,0.0001)) -> 1742726.1 | J30: =MAX(0,$D30-$F30) -> 1944934.8 | K30: =IF(AND($J30<=0.5,$A30<=Calculator!$C$11*12),1,0) -> 0
A31: 28 | B31: =$J$30 -> 1944934.8 | C31: =IF($B31<=0,0,$B31*(POWER(1+Calculator!$C$10/100,1/12)-1)) -> 7923.9051 | D31: =$B31+$C31 -> 1952858.7 | E31: =$I$30 -> 1742726.1 | F31: =IF(OR($D31<=0,$A31>Calculator!$C$11*12),0,MIN($D31,Calculator!$C$9/(1-(Calculator!$C$12/100)*MAX(0,1-$E31/MAX($D31,0.0001))))) -> 10164.052 | G31: =$F31*(Calculator!$C$12/100)*MAX(0,1-$E31/MAX($D31,0.0001)) -> 164.05174 | H31: =$F31-$G31 -> 10000 | I31: =$E31-IF($D31<=0,0,$E31*$F31/MAX($D31,0.0001)) -> 1733655.7 | J31: =MAX(0,$D31-$F31) -> 1942694.7 | K31: =IF(AND($J31<=0.5,$A31<=Calculator!$C$11*12),1,0) -> 0
A32: 29 | B32: =$J$31 -> 1942694.7 | C32: =IF($B32<=0,0,$B32*(POWER(1+Calculator!$C$10/100,1/12)-1)) -> 7914.7785 | D32: =$B32+$C32 -> 1950609.4 | E32: =$I$31 -> 1733655.7 | F32: =IF(OR($D32<=0,$A32>Calculator!$C$11*12),0,MIN($D32,Calculator!$C$9/(1-(Calculator!$C$12/100)*MAX(0,1-$E32/MAX($D32,0.0001))))) -> 10169.666 | G32: =$F32*(Calculator!$C$12/100)*MAX(0,1-$E32/MAX($D32,0.0001)) -> 169.66599 | H32: =$F32-$G32 -> 10000 | I32: =$E32-IF($D32<=0,0,$E32*$F32/MAX($D32,0.0001)) -> 1724617.1 | J32: =MAX(0,$D32-$F32) -> 1940439.8 | K32: =IF(AND($J32<=0.5,$A32<=Calculator!$C$11*12),1,0) -> 0
A33: 30 | B33: =$J$32 -> 1940439.8 | C33: =IF($B33<=0,0,$B33*(POWER(1+Calculator!$C$10/100,1/12)-1)) -> 7905.5918 | D33: =$B33+$C33 -> 1948345.4 | E33: =$I$32 -> 1724617.1 | F33: =IF(OR($D33<=0,$A33>Calculator!$C$11*12),0,MIN($D33,Calculator!$C$9/(1-(Calculator!$C$12/100)*MAX(0,1-$E33/MAX($D33,0.0001))))) -> 10175.264 | G33: =$F33*(Calculator!$C$12/100)*MAX(0,1-$E33/MAX($D33,0.0001)) -> 175.26362 | H33: =$F33-$G33 -> 10000 | I33: =$E33-IF($D33<=0,0,$E33*$F33/MAX($D33,0.0001)) -> 1715610.3 | J33: =MAX(0,$D33-$F33) -> 1938170.1 | K33: =IF(AND($J33<=0.5,$A33<=Calculator!$C$11*12),1,0) -> 0
A34: 31 | B34: =$J$33 -> 1938170.1 | C34: =IF($B34<=0,0,$B34*(POWER(1+Calculator!$C$10/100,1/12)-1)) -> 7896.3449 | D34: =$B34+$C34 -> 1946066.4 | E34: =$I$33 -> 1715610.3 | F34: =IF(OR($D34<=0,$A34>Calculator!$C$11*12),0,MIN($D34,Calculator!$C$9/(1-(Calculator!$C$12/100)*MAX(0,1-$E34/MAX($D34,0.0001))))) -> 10180.845 | G34: =$F34*(Calculator!$C$12/100)*MAX(0,1-$E34/MAX($D34,0.0001)) -> 180.84467 | H34: =$F34-$G34 -> 10000 | I34: =$E34-IF($D34<=0,0,$E34*$F34/MAX($D34,0.0001)) -> 1706635.1 | J34: =MAX(0,$D34-$F34) -> 1935885.6 | K34: =IF(AND($J34<=0.5,$A34<=Calculator!$C$11*12),1,0) -> 0
A35: 32 | B35: =$J$34 -> 1935885.6 | C35: =IF($B35<=0,0,$B35*(POWER(1+Calculator!$C$10/100,1/12)-1)) -> 7887.0375 | D35: =$B35+$C35 -> 1943772.6 | E35: =$I$34 -> 1706635.1 | F35: =IF(OR($D35<=0,$A35>Calculator!$C$11*12),0,MIN($D35,Calculator!$C$9/(1-(Calculator!$C$12/100)*MAX(0,1-$E35/MAX($D35,0.0001))))) -> 10186.409 | G35: =$F35*(Calculator!$C$12/100)*MAX(0,1-$E35/MAX($D35,0.0001)) -> 186.40917 | H35: =$F35-$G35 -> 10000 | I35: =$E35-IF($D35<=0,0,$E35*$F35/MAX($D35,0.0001)) -> 1697691.4 | J35: =MAX(0,$D35-$F35) -> 1933586.2 | K35: =IF(AND($J35<=0.5,$A35<=Calculator!$C$11*12),1,0) -> 0
A36: 33 | B36: =$J$35 -> 1933586.2 | C36: =IF($B36<=0,0,$B36*(POWER(1+Calculator!$C$10/100,1/12)-1)) -> 7877.6696 | D36: =$B36+$C36 -> 1941463.9 | E36: =$I$35 -> 1697691.4 | F36: =IF(OR($D36<=0,$A36>Calculator!$C$11*12),0,MIN($D36,Calculator!$C$9/(1-(Calculator!$C$12/100)*MAX(0,1-$E36/MAX($D36,0.0001))))) -> 10191.957 | G36: =$F36*(Calculator!$C$12/100)*MAX(0,1-$E36/MAX($D36,0.0001)) -> 191.95713 | H36: =$F36-$G36 -> 10000 | I36: =$E36-IF($D36<=0,0,$E36*$F36/MAX($D36,0.0001)) -> 1688779.1 | J36: =MAX(0,$D36-$F36) -> 1931271.9 | K36: =IF(AND($J36<=0.5,$A36<=Calculator!$C$11*12),1,0) -> 0
A37: 34 | B37: =$J$36 -> 1931271.9 | C37: =IF($B37<=0,0,$B37*(POWER(1+Calculator!$C$10/100,1/12)-1)) -> 7868.2409 | D37: =$B37+$C37 -> 1939140.2 | E37: =$I$36 -> 1688779.1 | F37: =IF(OR($D37<=0,$A37>Calculator!$C$11*12),0,MIN($D37,Calculator!$C$9/(1-(Calculator!$C$12/100)*MAX(0,1-$E37/MAX($D37,0.0001))))) -> 10197.489 | G37: =$F37*(Calculator!$C$12/100)*MAX(0,1-$E37/MAX($D37,0.0001)) -> 197.48859 | H37: =$F37-$G37 -> 10000 | I37: =$E37-IF($D37<=0,0,$E37*$F37/MAX($D37,0.0001)) -> 1679898.2 | J37: =MAX(0,$D37-$F37) -> 1928942.7 | K37: =IF(AND($J37<=0.5,$A37<=Calculator!$C$11*12),1,0) -> 0
A38: 35 | B38: =$J$37 -> 1928942.7 | C38: =IF($B38<=0,0,$B38*(POWER(1+Calculator!$C$10/100,1/12)-1)) -> 7858.7513 | D38: =$B38+$C38 -> 1936801.4 | E38: =$I$37 -> 1679898.2 | F38: =IF(OR($D38<=0,$A38>Calculator!$C$11*12),0,MIN($D38,Calculator!$C$9/(1-(Calculator!$C$12/100)*MAX(0,1-$E38/MAX($D38,0.0001))))) -> 10203.004 | G38: =$F38*(Calculator!$C$12/100)*MAX(0,1-$E38/MAX($D38,0.0001)) -> 203.00358 | H38: =$F38-$G38 -> 10000 | I38: =$E38-IF($D38<=0,0,$E38*$F38/MAX($D38,0.0001)) -> 1671048.6 | J38: =MAX(0,$D38-$F38) -> 1926598.4 | K38: =IF(AND($J38<=0.5,$A38<=Calculator!$C$11*12),1,0) -> 0
A39: 36 | B39: =$J$38 -> 1926598.4 | C39: =IF($B39<=0,0,$B39*(POWER(1+Calculator!$C$10/100,1/12)-1)) -> 7849.2005 | D39: =$B39+$C39 -> 1934447.6 | E39: =$I$38 -> 1671048.6 | F39: =IF(OR($D39<=0,$A39>Calculator!$C$11*12),0,MIN($D39,Calculator!$C$9/(1-(Calculator!$C$12/100)*MAX(0,1-$E39/MAX($D39,0.0001))))) -> 10208.502 | G39: =$F39*(Calculator!$C$12/100)*MAX(0,1-$E39/MAX($D39,0.0001)) -> 208.50212 | H39: =$F39-$G39 -> 10000 | I39: =$E39-IF($D39<=0,0,$E39*$F39/MAX($D39,0.0001)) -> 1662230.1 | J39: =MAX(0,$D39-$F39) -> 1924239.1 | K39: =IF(AND($J39<=0.5,$A39<=Calculator!$C$11*12),1,0) -> 0
A40: 37 | B40: =$J$39 -> 1924239.1 | C40: =IF($B40<=0,0,$B40*(POWER(1+Calculator!$C$10/100,1/12)-1)) -> 7839.5884 | D40: =$B40+$C40 -> 1932078.7 | E40: =$I$39 -> 1662230.1 | F40: =IF(OR($D40<=0,$A40>Calculator!$C$11*12),0,MIN($D40,Calculator!$C$9/(1-(Calculator!$C$12/100)*MAX(0,1-$E40/MAX($D40,0.0001))))) -> 10213.984 | G40: =$F40*(Calculator!$C$12/100)*MAX(0,1-$E40/MAX($D40,0.0001)) -> 213.98425 | H40: =$F40-$G40 -> 10000 | I40: =$E40-IF($D40<=0,0,$E40*$F40/MAX($D40,0.0001)) -> 1653442.7 | J40: =MAX(0,$D40-$F40) -> 1921864.7 | K40: =IF(AND($J40<=0.5,$A40<=Calculator!$C$11*12),1,0) -> 0
A41: 38 | B41: =$J$40 -> 1921864.7 | C41: =IF($B41<=0,0,$B41*(POWER(1+Calculator!$C$10/100,1/12)-1)) -> 7829.9148 | D41: =$B41+$C41 -> 1929694.7 | E41: =$I$40 -> 1653442.7 | F41: =IF(OR($D41<=0,$A41>Calculator!$C$11*12),0,MIN($D41,Calculator!$C$9/(1-(Calculator!$C$12/100)*MAX(0,1-$E41/MAX($D41,0.0001))))) -> 10219.45 | G41: =$F41*(Calculator!$C$12/100)*MAX(0,1-$E41/MAX($D41,0.0001)) -> 219.44999 | H41: =$F41-$G41 -> 10000 | I41: =$E41-IF($D41<=0,0,$E41*$F41/MAX($D41,0.0001)) -> 1644686.2 | J41: =MAX(0,$D41-$F41) -> 1919475.2 | K41: =IF(AND($J41<=0.5,$A41<=Calculator!$C$11*12),1,0) -> 0
A42: 39 | B42: =$J$41 -> 1919475.2 | C42: =IF($B42<=0,0,$B42*(POWER(1+Calculator!$C$10/100,1/12)-1)) -> 7820.1796 | D42: =$B42+$C42 -> 1927295.4 | E42: =$I$41 -> 1644686.2 | F42: =IF(OR($D42<=0,$A42>Calculator!$C$11*12),0,MIN($D42,Calculator!$C$9/(1-(Calculator!$C$12/100)*MAX(0,1-$E42/MAX($D42,0.0001))))) -> 10224.899 | G42: =$F42*(Calculator!$C$12/100)*MAX(0,1-$E42/MAX($D42,0.0001)) -> 224.89936 | H42: =$F42-$G42 -> 10000 | I42: =$E42-IF($D42<=0,0,$E42*$F42/MAX($D42,0.0001)) -> 1635960.7 | J42: =MAX(0,$D42-$F42) -> 1917070.5 | K42: =IF(AND($J42<=0.5,$A42<=Calculator!$C$11*12),1,0) -> 0
A43: 40 | B43: =$J$42 -> 1917070.5 | C43: =IF($B43<=0,0,$B43*(POWER(1+Calculator!$C$10/100,1/12)-1)) -> 7810.3824 | D43: =$B43+$C43 -> 1924880.9 | E43: =$I$42 -> 1635960.7 | F43: =IF(OR($D43<=0,$A43>Calculator!$C$11*12),0,MIN($D43,Calculator!$C$9/(1-(Calculator!$C$12/100)*MAX(0,1-$E43/MAX($D43,0.0001))))) -> 10230.332 | G43: =$F43*(Calculator!$C$12/100)*MAX(0,1-$E43/MAX($D43,0.0001)) -> 230.33241 | H43: =$F43-$G43 -> 10000 | I43: =$E43-IF($D43<=0,0,$E43*$F43/MAX($D43,0.0001)) -> 1627265.9 | J43: =MAX(0,$D43-$F43) -> 1914650.5 | K43: =IF(AND($J43<=0.5,$A43<=Calculator!$C$11*12),1,0) -> 0
A44: 41 | B44: =$J$43 -> 1914650.5 | C44: =IF($B44<=0,0,$B44*(POWER(1+Calculator!$C$10/100,1/12)-1)) -> 7800.5233 | D44: =$B44+$C44 -> 1922451.1 | E44: =$I$43 -> 1627265.9 | F44: =IF(OR($D44<=0,$A44>Calculator!$C$11*12),0,MIN($D44,Calculator!$C$9/(1-(Calculator!$C$12/100)*MAX(0,1-$E44/MAX($D44,0.0001))))) -> 10235.749 | G44: =$F44*(Calculator!$C$12/100)*MAX(0,1-$E44/MAX($D44,0.0001)) -> 235.74915 | H44: =$F44-$G44 -> 10000 | I44: =$E44-IF($D44<=0,0,$E44*$F44/MAX($D44,0.0001)) -> 1618601.8 | J44: =MAX(0,$D44-$F44) -> 1912215.3 | K44: =IF(AND($J44<=0.5,$A44<=Calculator!$C$11*12),1,0) -> 0
A45: 42 | B45: =$J$44 -> 1912215.3 | C45: =IF($B45<=0,0,$B45*(POWER(1+Calculator!$C$10/100,1/12)-1)) -> 7790.6019 | D45: =$B45+$C45 -> 1920005.9 | E45: =$I$44 -> 1618601.8 | F45: =IF(OR($D45<=0,$A45>Calculator!$C$11*12),0,MIN($D45,Calculator!$C$9/(1-(Calculator!$C$12/100)*MAX(0,1-$E45/MAX($D45,0.0001))))) -> 10241.15 | G45: =$F45*(Calculator!$C$12/100)*MAX(0,1-$E45/MAX($D45,0.0001)) -> 241.14962 | H45: =$F45-$G45 -> 10000 | I45: =$E45-IF($D45<=0,0,$E45*$F45/MAX($D45,0.0001)) -> 1609968.3 | J45: =MAX(0,$D45-$F45) -> 1909764.8 | K45: =IF(AND($J45<=0.5,$A45<=Calculator!$C$11*12),1,0) -> 0
A46: 43 | B46: =$J$45 -> 1909764.8 | C46: =IF($B46<=0,0,$B46*(POWER(1+Calculator!$C$10/100,1/12)-1)) -> 7780.618 | D46: =$B46+$C46 -> 1917545.4 | E46: =$I$45 -> 1609968.3 | F46: =IF(OR($D46<=0,$A46>Calculator!$C$11*12),0,MIN($D46,Calculator!$C$9/(1-(Calculator!$C$12/100)*MAX(0,1-$E46/MAX($D46,0.0001))))) -> 10246.534 | G46: =$F46*(Calculator!$C$12/100)*MAX(0,1-$E46/MAX($D46,0.0001)) -> 246.53384 | H46: =$F46-$G46 -> 10000 | I46: =$E46-IF($D46<=0,0,$E46*$F46/MAX($D46,0.0001)) -> 1601365.3 | J46: =MAX(0,$D46-$F46) -> 1907298.8 | K46: =IF(AND($J46<=0.5,$A46<=Calculator!$C$11*12),1,0) -> 0
A47: 44 | B47: =$J$46 -> 1907298.8 | C47: =IF($B47<=0,0,$B47*(POWER(1+Calculator!$C$10/100,1/12)-1)) -> 7770.5716 | D47: =$B47+$C47 -> 1915069.4 | E47: =$I$46 -> 1601365.3 | F47: =IF(OR($D47<=0,$A47>Calculator!$C$11*12),0,MIN($D47,Calculator!$C$9/(1-(Calculator!$C$12/100)*MAX(0,1-$E47/MAX($D47,0.0001))))) -> 10251.902 | G47: =$F47*(Calculator!$C$12/100)*MAX(0,1-$E47/MAX($D47,0.0001)) -> 251.90184 | H47: =$F47-$G47 -> 10000 | I47: =$E47-IF($D47<=0,0,$E47*$F47/MAX($D47,0.0001)) -> 1592792.8 | J47: =MAX(0,$D47-$F47) -> 1904817.5 | K47: =IF(AND($J47<=0.5,$A47<=Calculator!$C$11*12),1,0) -> 0
A48: 45 | B48: =$J$47 -> 1904817.5 | C48: =IF($B48<=0,0,$B48*(POWER(1+Calculator!$C$10/100,1/12)-1)) -> 7760.4623 | D48: =$B48+$C48 -> 1912578 | E48: =$I$47 -> 1592792.8 | F48: =IF(OR($D48<=0,$A48>Calculator!$C$11*12),0,MIN($D48,Calculator!$C$9/(1-(Calculator!$C$12/100)*MAX(0,1-$E48/MAX($D48,0.0001))))) -> 10257.254 | G48: =$F48*(Calculator!$C$12/100)*MAX(0,1-$E48/MAX($D48,0.0001)) -> 257.25366 | H48: =$F48-$G48 -> 10000 | I48: =$E48-IF($D48<=0,0,$E48*$F48/MAX($D48,0.0001)) -> 1584250.6 | J48: =MAX(0,$D48-$F48) -> 1902320.7 | K48: =IF(AND($J48<=0.5,$A48<=Calculator!$C$11*12),1,0) -> 0
A49: 46 | B49: =$J$48 -> 1902320.7 | C49: =IF($B49<=0,0,$B49*(POWER(1+Calculator!$C$10/100,1/12)-1)) -> 7750.2901 | D49: =$B49+$C49 -> 1910071 | E49: =$I$48 -> 1584250.6 | F49: =IF(OR($D49<=0,$A49>Calculator!$C$11*12),0,MIN($D49,Calculator!$C$9/(1-(Calculator!$C$12/100)*MAX(0,1-$E49/MAX($D49,0.0001))))) -> 10262.589 | G49: =$F49*(Calculator!$C$12/100)*MAX(0,1-$E49/MAX($D49,0.0001)) -> 262.58931 | H49: =$F49-$G49 -> 10000 | I49: =$E49-IF($D49<=0,0,$E49*$F49/MAX($D49,0.0001)) -> 1575738.6 | J49: =MAX(0,$D49-$F49) -> 1899808.4 | K49: =IF(AND($J49<=0.5,$A49<=Calculator!$C$11*12),1,0) -> 0
A50: 47 | B50: =$J$49 -> 1899808.4 | C50: =IF($B50<=0,0,$B50*(POWER(1+Calculator!$C$10/100,1/12)-1)) -> 7740.0547 | D50: =$B50+$C50 -> 1907548.5 | E50: =$I$49 -> 1575738.6 | F50: =IF(OR($D50<=0,$A50>Calculator!$C$11*12),0,MIN($D50,Calculator!$C$9/(1-(Calculator!$C$12/100)*MAX(0,1-$E50/MAX($D50,0.0001))))) -> 10267.909 | G50: =$F50*(Calculator!$C$12/100)*MAX(0,1-$E50/MAX($D50,0.0001)) -> 267.90884 | H50: =$F50-$G50 -> 10000 | I50: =$E50-IF($D50<=0,0,$E50*$F50/MAX($D50,0.0001)) -> 1567256.7 | J50: =MAX(0,$D50-$F50) -> 1897280.6 | K50: =IF(AND($J50<=0.5,$A50<=Calculator!$C$11*12),1,0) -> 0
A51: 48 | B51: =$J$50 -> 1897280.6 | C51: =IF($B51<=0,0,$B51*(POWER(1+Calculator!$C$10/100,1/12)-1)) -> 7729.7559 | D51: =$B51+$C51 -> 1905010.3 | E51: =$I$50 -> 1567256.7 | F51: =IF(OR($D51<=0,$A51>Calculator!$C$11*12),0,MIN($D51,Calculator!$C$9/(1-(Calculator!$C$12/100)*MAX(0,1-$E51/MAX($D51,0.0001))))) -> 10273.212 | G51: =$F51*(Calculator!$C$12/100)*MAX(0,1-$E51/MAX($D51,0.0001)) -> 273.21227 | H51: =$F51-$G51 -> 10000 | I51: =$E51-IF($D51<=0,0,$E51*$F51/MAX($D51,0.0001)) -> 1558804.9 | J51: =MAX(0,$D51-$F51) -> 1894737.1 | K51: =IF(AND($J51<=0.5,$A51<=Calculator!$C$11*12),1,0) -> 0
A52: 49 | B52: =$J$51 -> 1894737.1 | C52: =IF($B52<=0,0,$B52*(POWER(1+Calculator!$C$10/100,1/12)-1)) -> 7719.3935 | D52: =$B52+$C52 -> 1902456.5 | E52: =$I$51 -> 1558804.9 | F52: =IF(OR($D52<=0,$A52>Calculator!$C$11*12),0,MIN($D52,Calculator!$C$9/(1-(Calculator!$C$12/100)*MAX(0,1-$E52/MAX($D52,0.0001))))) -> 10278.5 | G52: =$F52*(Calculator!$C$12/100)*MAX(0,1-$E52/MAX($D52,0.0001)) -> 278.49962 | H52: =$F52-$G52 -> 10000 | I52: =$E52-IF($D52<=0,0,$E52*$F52/MAX($D52,0.0001)) -> 1550383.1 | J52: =MAX(0,$D52-$F52) -> 1892178 | K52: =IF(AND($J52<=0.5,$A52<=Calculator!$C$11*12),1,0) -> 0
A53: 50 | B53: =$J$52 -> 1892178 | C53: =IF($B53<=0,0,$B53*(POWER(1+Calculator!$C$10/100,1/12)-1)) -> 7708.9674 | D53: =$B53+$C53 -> 1899887 | E53: =$I$52 -> 1550383.1 | F53: =IF(OR($D53<=0,$A53>Calculator!$C$11*12),0,MIN($D53,Calculator!$C$9/(1-(Calculator!$C$12/100)*MAX(0,1-$E53/MAX($D53,0.0001))))) -> 10283.771 | G53: =$F53*(Calculator!$C$12/100)*MAX(0,1-$E53/MAX($D53,0.0001)) -> 283.77094 | H53: =$F53-$G53 -> 10000 | I53: =$E53-IF($D53<=0,0,$E53*$F53/MAX($D53,0.0001)) -> 1541991.1 | J53: =MAX(0,$D53-$F53) -> 1889603.2 | K53: =IF(AND($J53<=0.5,$A53<=Calculator!$C$11*12),1,0) -> 0
A54: 51 | B54: =$J$53 -> 1889603.2 | C54: =IF($B54<=0,0,$B54*(POWER(1+Calculator!$C$10/100,1/12)-1)) -> 7698.4773 | D54: =$B54+$C54 -> 1897301.7 | E54: =$I$53 -> 1541991.1 | F54: =IF(OR($D54<=0,$A54>Calculator!$C$11*12),0,MIN($D54,Calculator!$C$9/(1-(Calculator!$C$12/100)*MAX(0,1-$E54/MAX($D54,0.0001))))) -> 10289.026 | G54: =$F54*(Calculator!$C$12/100)*MAX(0,1-$E54/MAX($D54,0.0001)) -> 289.02624 | H54: =$F54-$G54 -> 10000 | I54: =$E54-IF($D54<=0,0,$E54*$F54/MAX($D54,0.0001)) -> 1533628.9 | J54: =MAX(0,$D54-$F54) -> 1887012.7 | K54: =IF(AND($J54<=0.5,$A54<=Calculator!$C$11*12),1,0) -> 0
A55: 52 | B55: =$J$54 -> 1887012.7 | C55: =IF($B55<=0,0,$B55*(POWER(1+Calculator!$C$10/100,1/12)-1)) -> 7687.9231 | D55: =$B55+$C55 -> 1894700.6 | E55: =$I$54 -> 1533628.9 | F55: =IF(OR($D55<=0,$A55>Calculator!$C$11*12),0,MIN($D55,Calculator!$C$9/(1-(Calculator!$C$12/100)*MAX(0,1-$E55/MAX($D55,0.0001))))) -> 10294.266 | G55: =$F55*(Calculator!$C$12/100)*MAX(0,1-$E55/MAX($D55,0.0001)) -> 294.26556 | H55: =$F55-$G55 -> 10000 | I55: =$E55-IF($D55<=0,0,$E55*$F55/MAX($D55,0.0001)) -> 1525296.4 | J55: =MAX(0,$D55-$F55) -> 1884406.3 | K55: =IF(AND($J55<=0.5,$A55<=Calculator!$C$11*12),1,0) -> 0
A56: 53 | B56: =$J$55 -> 1884406.3 | C56: =IF($B56<=0,0,$B56*(POWER(1+Calculator!$C$10/100,1/12)-1)) -> 7677.3046 | D56: =$B56+$C56 -> 1892083.6 | E56: =$I$55 -> 1525296.4 | F56: =IF(OR($D56<=0,$A56>Calculator!$C$11*12),0,MIN($D56,Calculator!$C$9/(1-(Calculator!$C$12/100)*MAX(0,1-$E56/MAX($D56,0.0001))))) -> 10299.489 | G56: =$F56*(Calculator!$C$12/100)*MAX(0,1-$E56/MAX($D56,0.0001)) -> 299.48892 | H56: =$F56-$G56 -> 10000 | I56: =$E56-IF($D56<=0,0,$E56*$F56/MAX($D56,0.0001)) -> 1516993.5 | J56: =MAX(0,$D56-$F56) -> 1881784.1 | K56: =IF(AND($J56<=0.5,$A56<=Calculator!$C$11*12),1,0) -> 0
A57: 54 | B57: =$J$56 -> 1881784.1 | C57: =IF($B57<=0,0,$B57*(POWER(1+Calculator!$C$10/100,1/12)-1)) -> 7666.6215 | D57: =$B57+$C57 -> 1889450.7 | E57: =$I$56 -> 1516993.5 | F57: =IF(OR($D57<=0,$A57>Calculator!$C$11*12),0,MIN($D57,Calculator!$C$9/(1-(Calculator!$C$12/100)*MAX(0,1-$E57/MAX($D57,0.0001))))) -> 10304.696 | G57: =$F57*(Calculator!$C$12/100)*MAX(0,1-$E57/MAX($D57,0.0001)) -> 304.69636 | H57: =$F57-$G57 -> 10000 | I57: =$E57-IF($D57<=0,0,$E57*$F57/MAX($D57,0.0001)) -> 1508720.1 | J57: =MAX(0,$D57-$F57) -> 1879146.1 | K57: =IF(AND($J57<=0.5,$A57<=Calculator!$C$11*12),1,0) -> 0
A58: 55 | B58: =$J$57 -> 1879146.1 | C58: =IF($B58<=0,0,$B58*(POWER(1+Calculator!$C$10/100,1/12)-1)) -> 7655.8736 | D58: =$B58+$C58 -> 1886801.9 | E58: =$I$57 -> 1508720.1 | F58: =IF(OR($D58<=0,$A58>Calculator!$C$11*12),0,MIN($D58,Calculator!$C$9/(1-(Calculator!$C$12/100)*MAX(0,1-$E58/MAX($D58,0.0001))))) -> 10309.888 | G58: =$F58*(Calculator!$C$12/100)*MAX(0,1-$E58/MAX($D58,0.0001)) -> 309.88791 | H58: =$F58-$G58 -> 10000 | I58: =$E58-IF($D58<=0,0,$E58*$F58/MAX($D58,0.0001)) -> 1500476.2 | J58: =MAX(0,$D58-$F58) -> 1876492 | K58: =IF(AND($J58<=0.5,$A58<=Calculator!$C$11*12),1,0) -> 0
A59: 56 | B59: =$J$58 -> 1876492 | C59: =IF($B59<=0,0,$B59*(POWER(1+Calculator!$C$10/100,1/12)-1)) -> 7645.0608 | D59: =$B59+$C59 -> 1884137.1 | E59: =$I$58 -> 1500476.2 | F59: =IF(OR($D59<=0,$A59>Calculator!$C$11*12),0,MIN($D59,Calculator!$C$9/(1-(Calculator!$C$12/100)*MAX(0,1-$E59/MAX($D59,0.0001))))) -> 10315.064 | G59: =$F59*(Calculator!$C$12/100)*MAX(0,1-$E59/MAX($D59,0.0001)) -> 315.0636 | H59: =$F59-$G59 -> 10000 | I59: =$E59-IF($D59<=0,0,$E59*$F59/MAX($D59,0.0001)) -> 1492261.5 | J59: =MAX(0,$D59-$F59) -> 1873822 | K59: =IF(AND($J59<=0.5,$A59<=Calculator!$C$11*12),1,0) -> 0
A60: 57 | B60: =$J$59 -> 1873822 | C60: =IF($B60<=0,0,$B60*(POWER(1+Calculator!$C$10/100,1/12)-1)) -> 7634.1829 | D60: =$B60+$C60 -> 1881456.2 | E60: =$I$59 -> 1492261.5 | F60: =IF(OR($D60<=0,$A60>Calculator!$C$11*12),0,MIN($D60,Calculator!$C$9/(1-(Calculator!$C$12/100)*MAX(0,1-$E60/MAX($D60,0.0001))))) -> 10320.223 | G60: =$F60*(Calculator!$C$12/100)*MAX(0,1-$E60/MAX($D60,0.0001)) -> 320.22345 | H60: =$F60-$G60 -> 10000 | I60: =$E60-IF($D60<=0,0,$E60*$F60/MAX($D60,0.0001)) -> 1484076.1 | J60: =MAX(0,$D60-$F60) -> 1871136 | K60: =IF(AND($J60<=0.5,$A60<=Calculator!$C$11*12),1,0) -> 0
A61: 58 | B61: =$J$60 -> 1871136 | C61: =IF($B61<=0,0,$B61*(POWER(1+Calculator!$C$10/100,1/12)-1)) -> 7623.2397 | D61: =$B61+$C61 -> 1878759.2 | E61: =$I$60 -> 1484076.1 | F61: =IF(OR($D61<=0,$A61>Calculator!$C$11*12),0,MIN($D61,Calculator!$C$9/(1-(Calculator!$C$12/100)*MAX(0,1-$E61/MAX($D61,0.0001))))) -> 10325.368 | G61: =$F61*(Calculator!$C$12/100)*MAX(0,1-$E61/MAX($D61,0.0001)) -> 325.3675 | H61: =$F61-$G61 -> 10000 | I61: =$E61-IF($D61<=0,0,$E61*$F61/MAX($D61,0.0001)) -> 1475919.9 | J61: =MAX(0,$D61-$F61) -> 1868433.9 | K61: =IF(AND($J61<=0.5,$A61<=Calculator!$C$11*12),1,0) -> 0
A62: 59 | B62: =$J$61 -> 1868433.9 | C62: =IF($B62<=0,0,$B62*(POWER(1+Calculator!$C$10/100,1/12)-1)) -> 7612.2308 | D62: =$B62+$C62 -> 1876046.1 | E62: =$I$61 -> 1475919.9 | F62: =IF(OR($D62<=0,$A62>Calculator!$C$11*12),0,MIN($D62,Calculator!$C$9/(1-(Calculator!$C$12/100)*MAX(0,1-$E62/MAX($D62,0.0001))))) -> 10330.496 | G62: =$F62*(Calculator!$C$12/100)*MAX(0,1-$E62/MAX($D62,0.0001)) -> 330.49578 | H62: =$F62-$G62 -> 10000 | I62: =$E62-IF($D62<=0,0,$E62*$F62/MAX($D62,0.0001)) -> 1467792.7 | J62: =MAX(0,$D62-$F62) -> 1865715.6 | K62: =IF(AND($J62<=0.5,$A62<=Calculator!$C$11*12),1,0) -> 0
A63: 60 | B63: =$J$62 -> 1865715.6 | C63: =IF($B63<=0,0,$B63*(POWER(1+Calculator!$C$10/100,1/12)-1)) -> 7601.1563 | D63: =$B63+$C63 -> 1873316.8 | E63: =$I$62 -> 1467792.7 | F63: =IF(OR($D63<=0,$A63>Calculator!$C$11*12),0,MIN($D63,Calculator!$C$9/(1-(Calculator!$C$12/100)*MAX(0,1-$E63/MAX($D63,0.0001))))) -> 10335.608 | G63: =$F63*(Calculator!$C$12/100)*MAX(0,1-$E63/MAX($D63,0.0001)) -> 335.60831 | H63: =$F63-$G63 -> 10000 | I63: =$E63-IF($D63<=0,0,$E63*$F63/MAX($D63,0.0001)) -> 1459694.5 | J63: =MAX(0,$D63-$F63) -> 1862981.1 | K63: =IF(AND($J63<=0.5,$A63<=Calculator!$C$11*12),1,0) -> 0
A64: 61 | B64: =$J$63 -> 1862981.1 | C64: =IF($B64<=0,0,$B64*(POWER(1+Calculator!$C$10/100,1/12)-1)) -> 7590.0158 | D64: =$B64+$C64 -> 1870571.2 | E64: =$I$63 -> 1459694.5 | F64: =IF(OR($D64<=0,$A64>Calculator!$C$11*12),0,MIN($D64,Calculator!$C$9/(1-(Calculator!$C$12/100)*MAX(0,1-$E64/MAX($D64,0.0001))))) -> 10340.705 | G64: =$F64*(Calculator!$C$12/100)*MAX(0,1-$E64/MAX($D64,0.0001)) -> 340.70513 | H64: =$F64-$G64 -> 10000 | I64: =$E64-IF($D64<=0,0,$E64*$F64/MAX($D64,0.0001)) -> 1451625.1 | J64: =MAX(0,$D64-$F64) -> 1860230.5 | K64: =IF(AND($J64<=0.5,$A64<=Calculator!$C$11*12),1,0) -> 0
A65: 62 | B65: =$J$64 -> 1860230.5 | C65: =IF($B65<=0,0,$B65*(POWER(1+Calculator!$C$10/100,1/12)-1)) -> 7578.8092 | D65: =$B65+$C65 -> 1867809.3 | E65: =$I$64 -> 1451625.1 | F65: =IF(OR($D65<=0,$A65>Calculator!$C$11*12),0,MIN($D65,Calculator!$C$9/(1-(Calculator!$C$12/100)*MAX(0,1-$E65/MAX($D65,0.0001))))) -> 10345.786 | G65: =$F65*(Calculator!$C$12/100)*MAX(0,1-$E65/MAX($D65,0.0001)) -> 345.78627 | H65: =$F65-$G65 -> 10000 | I65: =$E65-IF($D65<=0,0,$E65*$F65/MAX($D65,0.0001)) -> 1443584.6 | J65: =MAX(0,$D65-$F65) -> 1857463.5 | K65: =IF(AND($J65<=0.5,$A65<=Calculator!$C$11*12),1,0) -> 0
A66: 63 | B66: =$J$65 -> 1857463.5 | C66: =IF($B66<=0,0,$B66*(POWER(1+Calculator!$C$10/100,1/12)-1)) -> 7567.5361 | D66: =$B66+$C66 -> 1865031 | E66: =$I$65 -> 1443584.6 | F66: =IF(OR($D66<=0,$A66>Calculator!$C$11*12),0,MIN($D66,Calculator!$C$9/(1-(Calculator!$C$12/100)*MAX(0,1-$E66/MAX($D66,0.0001))))) -> 10350.852 | G66: =$F66*(Calculator!$C$12/100)*MAX(0,1-$E66/MAX($D66,0.0001)) -> 350.85176 | H66: =$F66-$G66 -> 10000 | I66: =$E66-IF($D66<=0,0,$E66*$F66/MAX($D66,0.0001)) -> 1435572.8 | J66: =MAX(0,$D66-$F66) -> 1854680.2 | K66: =IF(AND($J66<=0.5,$A66<=Calculator!$C$11*12),1,0) -> 0
A67: 64 | B67: =$J$66 -> 1854680.2 | C67: =IF($B67<=0,0,$B67*(POWER(1+Calculator!$C$10/100,1/12)-1)) -> 7556.1966 | D67: =$B67+$C67 -> 1862236.4 | E67: =$I$66 -> 1435572.8 | F67: =IF(OR($D67<=0,$A67>Calculator!$C$11*12),0,MIN($D67,Calculator!$C$9/(1-(Calculator!$C$12/100)*MAX(0,1-$E67/MAX($D67,0.0001))))) -> 10355.902 | G67: =$F67*(Calculator!$C$12/100)*MAX(0,1-$E67/MAX($D67,0.0001)) -> 355.90163 | H67: =$F67-$G67 -> 10000 | I67: =$E67-IF($D67<=0,0,$E67*$F67/MAX($D67,0.0001)) -> 1427589.5 | J67: =MAX(0,$D67-$F67) -> 1851880.5 | K67: =IF(AND($J67<=0.5,$A67<=Calculator!$C$11*12),1,0) -> 0
A68: 65 | B68: =$J$67 -> 1851880.5 | C68: =IF($B68<=0,0,$B68*(POWER(1+Calculator!$C$10/100,1/12)-1)) -> 7544.7902 | D68: =$B68+$C68 -> 1859425.3 | E68: =$I$67 -> 1427589.5 | F68: =IF(OR($D68<=0,$A68>Calculator!$C$11*12),0,MIN($D68,Calculator!$C$9/(1-(Calculator!$C$12/100)*MAX(0,1-$E68/MAX($D68,0.0001))))) -> 10360.936 | G68: =$F68*(Calculator!$C$12/100)*MAX(0,1-$E68/MAX($D68,0.0001)) -> 360.9359 | H68: =$F68-$G68 -> 10000 | I68: =$E68-IF($D68<=0,0,$E68*$F68/MAX($D68,0.0001)) -> 1419634.8 | J68: =MAX(0,$D68-$F68) -> 1849064.3 | K68: =IF(AND($J68<=0.5,$A68<=Calculator!$C$11*12),1,0) -> 0
A69: 66 | B69: =$J$68 -> 1849064.3 | C69: =IF($B69<=0,0,$B69*(POWER(1+Calculator!$C$10/100,1/12)-1)) -> 7533.3169 | D69: =$B69+$C69 -> 1856597.6 | E69: =$I$68 -> 1419634.8 | F69: =IF(OR($D69<=0,$A69>Calculator!$C$11*12),0,MIN($D69,Calculator!$C$9/(1-(Calculator!$C$12/100)*MAX(0,1-$E69/MAX($D69,0.0001))))) -> 10365.955 | G69: =$F69*(Calculator!$C$12/100)*MAX(0,1-$E69/MAX($D69,0.0001)) -> 365.95462 | H69: =$F69-$G69 -> 10000 | I69: =$E69-IF($D69<=0,0,$E69*$F69/MAX($D69,0.0001)) -> 1411708.6 | J69: =MAX(0,$D69-$F69) -> 1846231.7 | K69: =IF(AND($J69<=0.5,$A69<=Calculator!$C$11*12),1,0) -> 0
A70: 67 | B70: =$J$69 -> 1846231.7 | C70: =IF($B70<=0,0,$B70*(POWER(1+Calculator!$C$10/100,1/12)-1)) -> 7521.7764 | D70: =$B70+$C70 -> 1853753.5 | E70: =$I$69 -> 1411708.6 | F70: =IF(OR($D70<=0,$A70>Calculator!$C$11*12),0,MIN($D70,Calculator!$C$9/(1-(Calculator!$C$12/100)*MAX(0,1-$E70/MAX($D70,0.0001))))) -> 10370.958 | G70: =$F70*(Calculator!$C$12/100)*MAX(0,1-$E70/MAX($D70,0.0001)) -> 370.95781 | H70: =$F70-$G70 -> 10000 | I70: =$E70-IF($D70<=0,0,$E70*$F70/MAX($D70,0.0001)) -> 1403810.7 | J70: =MAX(0,$D70-$F70) -> 1843382.5 | K70: =IF(AND($J70<=0.5,$A70<=Calculator!$C$11*12),1,0) -> 0
A71: 68 | B71: =$J$70 -> 1843382.5 | C71: =IF($B71<=0,0,$B71*(POWER(1+Calculator!$C$10/100,1/12)-1)) -> 7510.1685 | D71: =$B71+$C71 -> 1850892.7 | E71: =$I$70 -> 1403810.7 | F71: =IF(OR($D71<=0,$A71>Calculator!$C$11*12),0,MIN($D71,Calculator!$C$9/(1-(Calculator!$C$12/100)*MAX(0,1-$E71/MAX($D71,0.0001))))) -> 10375.945 | G71: =$F71*(Calculator!$C$12/100)*MAX(0,1-$E71/MAX($D71,0.0001)) -> 375.94549 | H71: =$F71-$G71 -> 10000 | I71: =$E71-IF($D71<=0,0,$E71*$F71/MAX($D71,0.0001)) -> 1395941 | J71: =MAX(0,$D71-$F71) -> 1840516.7 | K71: =IF(AND($J71<=0.5,$A71<=Calculator!$C$11*12),1,0) -> 0
A72: 69 | B72: =$J$71 -> 1840516.7 | C72: =IF($B72<=0,0,$B72*(POWER(1+Calculator!$C$10/100,1/12)-1)) -> 7498.4929 | D72: =$B72+$C72 -> 1848015.2 | E72: =$I$71 -> 1395941 | F72: =IF(OR($D72<=0,$A72>Calculator!$C$11*12),0,MIN($D72,Calculator!$C$9/(1-(Calculator!$C$12/100)*MAX(0,1-$E72/MAX($D72,0.0001))))) -> 10380.918 | G72: =$F72*(Calculator!$C$12/100)*MAX(0,1-$E72/MAX($D72,0.0001)) -> 380.91772 | H72: =$F72-$G72 -> 10000 | I72: =$E72-IF($D72<=0,0,$E72*$F72/MAX($D72,0.0001)) -> 1388099.6 | J72: =MAX(0,$D72-$F72) -> 1837634.3 | K72: =IF(AND($J72<=0.5,$A72<=Calculator!$C$11*12),1,0) -> 0
A73: 70 | B73: =$J$72 -> 1837634.3 | C73: =IF($B73<=0,0,$B73*(POWER(1+Calculator!$C$10/100,1/12)-1)) -> 7486.7496 | D73: =$B73+$C73 -> 1845121 | E73: =$I$72 -> 1388099.6 | F73: =IF(OR($D73<=0,$A73>Calculator!$C$11*12),0,MIN($D73,Calculator!$C$9/(1-(Calculator!$C$12/100)*MAX(0,1-$E73/MAX($D73,0.0001))))) -> 10385.875 | G73: =$F73*(Calculator!$C$12/100)*MAX(0,1-$E73/MAX($D73,0.0001)) -> 385.8745 | H73: =$F73-$G73 -> 10000 | I73: =$E73-IF($D73<=0,0,$E73*$F73/MAX($D73,0.0001)) -> 1380286.2 | J73: =MAX(0,$D73-$F73) -> 1834735.2 | K73: =IF(AND($J73<=0.5,$A73<=Calculator!$C$11*12),1,0) -> 0
A74: 71 | B74: =$J$73 -> 1834735.2 | C74: =IF($B74<=0,0,$B74*(POWER(1+Calculator!$C$10/100,1/12)-1)) -> 7474.9382 | D74: =$B74+$C74 -> 1842210.1 | E74: =$I$73 -> 1380286.2 | F74: =IF(OR($D74<=0,$A74>Calculator!$C$11*12),0,MIN($D74,Calculator!$C$9/(1-(Calculator!$C$12/100)*MAX(0,1-$E74/MAX($D74,0.0001))))) -> 10390.816 | G74: =$F74*(Calculator!$C$12/100)*MAX(0,1-$E74/MAX($D74,0.0001)) -> 390.81588 | H74: =$F74-$G74 -> 10000 | I74: =$E74-IF($D74<=0,0,$E74*$F74/MAX($D74,0.0001)) -> 1372500.8 | J74: =MAX(0,$D74-$F74) -> 1831819.3 | K74: =IF(AND($J74<=0.5,$A74<=Calculator!$C$11*12),1,0) -> 0
A75: 72 | B75: =$J$74 -> 1831819.3 | C75: =IF($B75<=0,0,$B75*(POWER(1+Calculator!$C$10/100,1/12)-1)) -> 7463.0585 | D75: =$B75+$C75 -> 1839282.4 | E75: =$I$74 -> 1372500.8 | F75: =IF(OR($D75<=0,$A75>Calculator!$C$11*12),0,MIN($D75,Calculator!$C$9/(1-(Calculator!$C$12/100)*MAX(0,1-$E75/MAX($D75,0.0001))))) -> 10395.742 | G75: =$F75*(Calculator!$C$12/100)*MAX(0,1-$E75/MAX($D75,0.0001)) -> 395.74188 | H75: =$F75-$G75 -> 10000 | I75: =$E75-IF($D75<=0,0,$E75*$F75/MAX($D75,0.0001)) -> 1364743.3 | J75: =MAX(0,$D75-$F75) -> 1828886.6 | K75: =IF(AND($J75<=0.5,$A75<=Calculator!$C$11*12),1,0) -> 0
A76: 73 | B76: =$J$75 -> 1828886.6 | C76: =IF($B76<=0,0,$B76*(POWER(1+Calculator!$C$10/100,1/12)-1)) -> 7451.1104 | D76: =$B76+$C76 -> 1836337.7 | E76: =$I$75 -> 1364743.3 | F76: =IF(OR($D76<=0,$A76>Calculator!$C$11*12),0,MIN($D76,Calculator!$C$9/(1-(Calculator!$C$12/100)*MAX(0,1-$E76/MAX($D76,0.0001))))) -> 10400.653 | G76: =$F76*(Calculator!$C$12/100)*MAX(0,1-$E76/MAX($D76,0.0001)) -> 400.65255 | H76: =$F76-$G76 -> 10000 | I76: =$E76-IF($D76<=0,0,$E76*$F76/MAX($D76,0.0001)) -> 1357013.7 | J76: =MAX(0,$D76-$F76) -> 1825937.1 | K76: =IF(AND($J76<=0.5,$A76<=Calculator!$C$11*12),1,0) -> 0
A77: 74 | B77: =$J$76 -> 1825937.1 | C77: =IF($B77<=0,0,$B77*(POWER(1+Calculator!$C$10/100,1/12)-1)) -> 7439.0936 | D77: =$B77+$C77 -> 1833376.2 | E77: =$I$76 -> 1357013.7 | F77: =IF(OR($D77<=0,$A77>Calculator!$C$11*12),0,MIN($D77,Calculator!$C$9/(1-(Calculator!$C$12/100)*MAX(0,1-$E77/MAX($D77,0.0001))))) -> 10405.548 | G77: =$F77*(Calculator!$C$12/100)*MAX(0,1-$E77/MAX($D77,0.0001)) -> 405.5479 | H77: =$F77-$G77 -> 10000 | I77: =$E77-IF($D77<=0,0,$E77*$F77/MAX($D77,0.0001)) -> 1349311.8 | J77: =MAX(0,$D77-$F77) -> 1822970.6 | K77: =IF(AND($J77<=0.5,$A77<=Calculator!$C$11*12),1,0) -> 0
A78: 75 | B78: =$J$77 -> 1822970.6 | C78: =IF($B78<=0,0,$B78*(POWER(1+Calculator!$C$10/100,1/12)-1)) -> 7427.0079 | D78: =$B78+$C78 -> 1830397.6 | E78: =$I$77 -> 1349311.8 | F78: =IF(OR($D78<=0,$A78>Calculator!$C$11*12),0,MIN($D78,Calculator!$C$9/(1-(Calculator!$C$12/100)*MAX(0,1-$E78/MAX($D78,0.0001))))) -> 10410.428 | G78: =$F78*(Calculator!$C$12/100)*MAX(0,1-$E78/MAX($D78,0.0001)) -> 410.42796 | H78: =$F78-$G78 -> 10000 | I78: =$E78-IF($D78<=0,0,$E78*$F78/MAX($D78,0.0001)) -> 1341637.6 | J78: =MAX(0,$D78-$F78) -> 1819987.2 | K78: =IF(AND($J78<=0.5,$A78<=Calculator!$C$11*12),1,0) -> 0
A79: 76 | B79: =$J$78 -> 1819987.2 | C79: =IF($B79<=0,0,$B79*(POWER(1+Calculator!$C$10/100,1/12)-1)) -> 7414.8531 | D79: =$B79+$C79 -> 1827402 | E79: =$I$78 -> 1341637.6 | F79: =IF(OR($D79<=0,$A79>Calculator!$C$11*12),0,MIN($D79,Calculator!$C$9/(1-(Calculator!$C$12/100)*MAX(0,1-$E79/MAX($D79,0.0001))))) -> 10415.293 | G79: =$F79*(Calculator!$C$12/100)*MAX(0,1-$E79/MAX($D79,0.0001)) -> 415.29278 | H79: =$F79-$G79 -> 10000 | I79: =$E79-IF($D79<=0,0,$E79*$F79/MAX($D79,0.0001)) -> 1333990.9 | J79: =MAX(0,$D79-$F79) -> 1816986.8 | K79: =IF(AND($J79<=0.5,$A79<=Calculator!$C$11*12),1,0) -> 0
A80: 77 | B80: =$J$79 -> 1816986.8 | C80: =IF($B80<=0,0,$B80*(POWER(1+Calculator!$C$10/100,1/12)-1)) -> 7402.6289 | D80: =$B80+$C80 -> 1824389.4 | E80: =$I$79 -> 1333990.9 | F80: =IF(OR($D80<=0,$A80>Calculator!$C$11*12),0,MIN($D80,Calculator!$C$9/(1-(Calculator!$C$12/100)*MAX(0,1-$E80/MAX($D80,0.0001))))) -> 10420.142 | G80: =$F80*(Calculator!$C$12/100)*MAX(0,1-$E80/MAX($D80,0.0001)) -> 420.14238 | H80: =$F80-$G80 -> 10000 | I80: =$E80-IF($D80<=0,0,$E80*$F80/MAX($D80,0.0001)) -> 1326371.7 | J80: =MAX(0,$D80-$F80) -> 1813969.2 | K80: =IF(AND($J80<=0.5,$A80<=Calculator!$C$11*12),1,0) -> 0
A81: 78 | B81: =$J$80 -> 1813969.2 | C81: =IF($B81<=0,0,$B81*(POWER(1+Calculator!$C$10/100,1/12)-1)) -> 7390.3352 | D81: =$B81+$C81 -> 1821359.6 | E81: =$I$80 -> 1326371.7 | F81: =IF(OR($D81<=0,$A81>Calculator!$C$11*12),0,MIN($D81,Calculator!$C$9/(1-(Calculator!$C$12/100)*MAX(0,1-$E81/MAX($D81,0.0001))))) -> 10424.977 | G81: =$F81*(Calculator!$C$12/100)*MAX(0,1-$E81/MAX($D81,0.0001)) -> 424.9768 | H81: =$F81-$G81 -> 10000 | I81: =$E81-IF($D81<=0,0,$E81*$F81/MAX($D81,0.0001)) -> 1318779.9 | J81: =MAX(0,$D81-$F81) -> 1810934.6 | K81: =IF(AND($J81<=0.5,$A81<=Calculator!$C$11*12),1,0) -> 0
A82: 79 | B82: =$J$81 -> 1810934.6 | C82: =IF($B82<=0,0,$B82*(POWER(1+Calculator!$C$10/100,1/12)-1)) -> 7377.9717 | D82: =$B82+$C82 -> 1818312.6 | E82: =$I$81 -> 1318779.9 | F82: =IF(OR($D82<=0,$A82>Calculator!$C$11*12),0,MIN($D82,Calculator!$C$9/(1-(Calculator!$C$12/100)*MAX(0,1-$E82/MAX($D82,0.0001))))) -> 10429.796 | G82: =$F82*(Calculator!$C$12/100)*MAX(0,1-$E82/MAX($D82,0.0001)) -> 429.79605 | H82: =$F82-$G82 -> 10000 | I82: =$E82-IF($D82<=0,0,$E82*$F82/MAX($D82,0.0001)) -> 1311215.4 | J82: =MAX(0,$D82-$F82) -> 1807882.8 | K82: =IF(AND($J82<=0.5,$A82<=Calculator!$C$11*12),1,0) -> 0
A83: 80 | B83: =$J$82 -> 1807882.8 | C83: =IF($B83<=0,0,$B83*(POWER(1+Calculator!$C$10/100,1/12)-1)) -> 7365.5382 | D83: =$B83+$C83 -> 1815248.3 | E83: =$I$82 -> 1311215.4 | F83: =IF(OR($D83<=0,$A83>Calculator!$C$11*12),0,MIN($D83,Calculator!$C$9/(1-(Calculator!$C$12/100)*MAX(0,1-$E83/MAX($D83,0.0001))))) -> 10434.6 | G83: =$F83*(Calculator!$C$12/100)*MAX(0,1-$E83/MAX($D83,0.0001)) -> 434.60019 | H83: =$F83-$G83 -> 10000 | I83: =$E83-IF($D83<=0,0,$E83*$F83/MAX($D83,0.0001)) -> 1303678.2 | J83: =MAX(0,$D83-$F83) -> 1804813.7 | K83: =IF(AND($J83<=0.5,$A83<=Calculator!$C$11*12),1,0) -> 0
A84: 81 | B84: =$J$83 -> 1804813.7 | C84: =IF($B84<=0,0,$B84*(POWER(1+Calculator!$C$10/100,1/12)-1)) -> 7353.0345 | D84: =$B84+$C84 -> 1812166.7 | E84: =$I$83 -> 1303678.2 | F84: =IF(OR($D84<=0,$A84>Calculator!$C$11*12),0,MIN($D84,Calculator!$C$9/(1-(Calculator!$C$12/100)*MAX(0,1-$E84/MAX($D84,0.0001))))) -> 10439.389 | G84: =$F84*(Calculator!$C$12/100)*MAX(0,1-$E84/MAX($D84,0.0001)) -> 439.38923 | H84: =$F84-$G84 -> 10000 | I84: =$E84-IF($D84<=0,0,$E84*$F84/MAX($D84,0.0001)) -> 1296168 | J84: =MAX(0,$D84-$F84) -> 1801727.4 | K84: =IF(AND($J84<=0.5,$A84<=Calculator!$C$11*12),1,0) -> 0
A85: 82 | B85: =$J$84 -> 1801727.4 | C85: =IF($B85<=0,0,$B85*(POWER(1+Calculator!$C$10/100,1/12)-1)) -> 7340.4603 | D85: =$B85+$C85 -> 1809067.8 | E85: =$I$84 -> 1296168 | F85: =IF(OR($D85<=0,$A85>Calculator!$C$11*12),0,MIN($D85,Calculator!$C$9/(1-(Calculator!$C$12/100)*MAX(0,1-$E85/MAX($D85,0.0001))))) -> 10444.163 | G85: =$F85*(Calculator!$C$12/100)*MAX(0,1-$E85/MAX($D85,0.0001)) -> 444.16321 | H85: =$F85-$G85 -> 10000 | I85: =$E85-IF($D85<=0,0,$E85*$F85/MAX($D85,0.0001)) -> 1288685 | J85: =MAX(0,$D85-$F85) -> 1798623.7 | K85: =IF(AND($J85<=0.5,$A85<=Calculator!$C$11*12),1,0) -> 0
A86: 83 | B86: =$J$85 -> 1798623.7 | C86: =IF($B86<=0,0,$B86*(POWER(1+Calculator!$C$10/100,1/12)-1)) -> 7327.8154 | D86: =$B86+$C86 -> 1805951.5 | E86: =$I$85 -> 1288685 | F86: =IF(OR($D86<=0,$A86>Calculator!$C$11*12),0,MIN($D86,Calculator!$C$9/(1-(Calculator!$C$12/100)*MAX(0,1-$E86/MAX($D86,0.0001))))) -> 10448.922 | G86: =$F86*(Calculator!$C$12/100)*MAX(0,1-$E86/MAX($D86,0.0001)) -> 448.92216 | H86: =$F86-$G86 -> 10000 | I86: =$E86-IF($D86<=0,0,$E86*$F86/MAX($D86,0.0001)) -> 1281228.8 | J86: =MAX(0,$D86-$F86) -> 1795502.5 | K86: =IF(AND($J86<=0.5,$A86<=Calculator!$C$11*12),1,0) -> 0
A87: 84 | B87: =$J$86 -> 1795502.5 | C87: =IF($B87<=0,0,$B87*(POWER(1+Calculator!$C$10/100,1/12)-1)) -> 7315.0996 | D87: =$B87+$C87 -> 1802817.6 | E87: =$I$86 -> 1281228.8 | F87: =IF(OR($D87<=0,$A87>Calculator!$C$11*12),0,MIN($D87,Calculator!$C$9/(1-(Calculator!$C$12/100)*MAX(0,1-$E87/MAX($D87,0.0001))))) -> 10453.666 | G87: =$F87*(Calculator!$C$12/100)*MAX(0,1-$E87/MAX($D87,0.0001)) -> 453.66612 | H87: =$F87-$G87 -> 10000 | I87: =$E87-IF($D87<=0,0,$E87*$F87/MAX($D87,0.0001)) -> 1273799.6 | J87: =MAX(0,$D87-$F87) -> 1792364 | K87: =IF(AND($J87<=0.5,$A87<=Calculator!$C$11*12),1,0) -> 0
A88: 85 | B88: =$J$87 -> 1792364 | C88: =IF($B88<=0,0,$B88*(POWER(1+Calculator!$C$10/100,1/12)-1)) -> 7302.3127 | D88: =$B88+$C88 -> 1799666.3 | E88: =$I$87 -> 1273799.6 | F88: =IF(OR($D88<=0,$A88>Calculator!$C$11*12),0,MIN($D88,Calculator!$C$9/(1-(Calculator!$C$12/100)*MAX(0,1-$E88/MAX($D88,0.0001))))) -> 10458.395 | G88: =$F88*(Calculator!$C$12/100)*MAX(0,1-$E88/MAX($D88,0.0001)) -> 458.39511 | H88: =$F88-$G88 -> 10000 | I88: =$E88-IF($D88<=0,0,$E88*$F88/MAX($D88,0.0001)) -> 1266397.2 | J88: =MAX(0,$D88-$F88) -> 1789207.9 | K88: =IF(AND($J88<=0.5,$A88<=Calculator!$C$11*12),1,0) -> 0
A89: 86 | B89: =$J$88 -> 1789207.9 | C89: =IF($B89<=0,0,$B89*(POWER(1+Calculator!$C$10/100,1/12)-1)) -> 7289.4545 | D89: =$B89+$C89 -> 1796497.4 | E89: =$I$88 -> 1266397.2 | F89: =IF(OR($D89<=0,$A89>Calculator!$C$11*12),0,MIN($D89,Calculator!$C$9/(1-(Calculator!$C$12/100)*MAX(0,1-$E89/MAX($D89,0.0001))))) -> 10463.109 | G89: =$F89*(Calculator!$C$12/100)*MAX(0,1-$E89/MAX($D89,0.0001)) -> 463.10916 | H89: =$F89-$G89 -> 10000 | I89: =$E89-IF($D89<=0,0,$E89*$F89/MAX($D89,0.0001)) -> 1259021.5 | J89: =MAX(0,$D89-$F89) -> 1786034.2 | K89: =IF(AND($J89<=0.5,$A89<=Calculator!$C$11*12),1,0) -> 0
A90: 87 | B90: =$J$89 -> 1786034.2 | C90: =IF($B90<=0,0,$B90*(POWER(1+Calculator!$C$10/100,1/12)-1)) -> 7276.5246 | D90: =$B90+$C90 -> 1793310.8 | E90: =$I$89 -> 1259021.5 | F90: =IF(OR($D90<=0,$A90>Calculator!$C$11*12),0,MIN($D90,Calculator!$C$9/(1-(Calculator!$C$12/100)*MAX(0,1-$E90/MAX($D90,0.0001))))) -> 10467.808 | G90: =$F90*(Calculator!$C$12/100)*MAX(0,1-$E90/MAX($D90,0.0001)) -> 467.80831 | H90: =$F90-$G90 -> 10000 | I90: =$E90-IF($D90<=0,0,$E90*$F90/MAX($D90,0.0001)) -> 1251672.4 | J90: =MAX(0,$D90-$F90) -> 1782843 | K90: =IF(AND($J90<=0.5,$A90<=Calculator!$C$11*12),1,0) -> 0
A91: 88 | B91: =$J$90 -> 1782843 | C91: =IF($B91<=0,0,$B91*(POWER(1+Calculator!$C$10/100,1/12)-1)) -> 7263.5229 | D91: =$B91+$C91 -> 1790106.5 | E91: =$I$90 -> 1251672.4 | F91: =IF(OR($D91<=0,$A91>Calculator!$C$11*12),0,MIN($D91,Calculator!$C$9/(1-(Calculator!$C$12/100)*MAX(0,1-$E91/MAX($D91,0.0001))))) -> 10472.493 | G91: =$F91*(Calculator!$C$12/100)*MAX(0,1-$E91/MAX($D91,0.0001)) -> 472.4926 | H91: =$F91-$G91 -> 10000 | I91: =$E91-IF($D91<=0,0,$E91*$F91/MAX($D91,0.0001)) -> 1244349.8 | J91: =MAX(0,$D91-$F91) -> 1779634 | K91: =IF(AND($J91<=0.5,$A91<=Calculator!$C$11*12),1,0) -> 0
A92: 89 | B92: =$J$91 -> 1779634 | C92: =IF($B92<=0,0,$B92*(POWER(1+Calculator!$C$10/100,1/12)-1)) -> 7250.4492 | D92: =$B92+$C92 -> 1786884.4 | E92: =$I$91 -> 1244349.8 | F92: =IF(OR($D92<=0,$A92>Calculator!$C$11*12),0,MIN($D92,Calculator!$C$9/(1-(Calculator!$C$12/100)*MAX(0,1-$E92/MAX($D92,0.0001))))) -> 10477.162 | G92: =$F92*(Calculator!$C$12/100)*MAX(0,1-$E92/MAX($D92,0.0001)) -> 477.16204 | H92: =$F92-$G92 -> 10000 | I92: =$E92-IF($D92<=0,0,$E92*$F92/MAX($D92,0.0001)) -> 1237053.8 | J92: =MAX(0,$D92-$F92) -> 1776407.3 | K92: =IF(AND($J92<=0.5,$A92<=Calculator!$C$11*12),1,0) -> 0
A93: 90 | B93: =$J$92 -> 1776407.3 | C93: =IF($B93<=0,0,$B93*(POWER(1+Calculator!$C$10/100,1/12)-1)) -> 7237.3031 | D93: =$B93+$C93 -> 1783644.6 | E93: =$I$92 -> 1237053.8 | F93: =IF(OR($D93<=0,$A93>Calculator!$C$11*12),0,MIN($D93,Calculator!$C$9/(1-(Calculator!$C$12/100)*MAX(0,1-$E93/MAX($D93,0.0001))))) -> 10481.817 | G93: =$F93*(Calculator!$C$12/100)*MAX(0,1-$E93/MAX($D93,0.0001)) -> 481.81668 | H93: =$F93-$G93 -> 10000 | I93: =$E93-IF($D93<=0,0,$E93*$F93/MAX($D93,0.0001)) -> 1229784.1 | J93: =MAX(0,$D93-$F93) -> 1773162.8 | K93: =IF(AND($J93<=0.5,$A93<=Calculator!$C$11*12),1,0) -> 0
A94: 91 | B94: =$J$93 -> 1773162.8 | C94: =IF($B94<=0,0,$B94*(POWER(1+Calculator!$C$10/100,1/12)-1)) -> 7224.0846 | D94: =$B94+$C94 -> 1780386.8 | E94: =$I$93 -> 1229784.1 | F94: =IF(OR($D94<=0,$A94>Calculator!$C$11*12),0,MIN($D94,Calculator!$C$9/(1-(Calculator!$C$12/100)*MAX(0,1-$E94/MAX($D94,0.0001))))) -> 10486.457 | G94: =$F94*(Calculator!$C$12/100)*MAX(0,1-$E94/MAX($D94,0.0001)) -> 486.45654 | H94: =$F94-$G94 -> 10000 | I94: =$E94-IF($D94<=0,0,$E94*$F94/MAX($D94,0.0001)) -> 1222540.6 | J94: =MAX(0,$D94-$F94) -> 1769900.4 | K94: =IF(AND($J94<=0.5,$A94<=Calculator!$C$11*12),1,0) -> 0
A95: 92 | B95: =$J$94 -> 1769900.4 | C95: =IF($B95<=0,0,$B95*(POWER(1+Calculator!$C$10/100,1/12)-1)) -> 7210.7933 | D95: =$B95+$C95 -> 1777111.2 | E95: =$I$94 -> 1222540.6 | F95: =IF(OR($D95<=0,$A95>Calculator!$C$11*12),0,MIN($D95,Calculator!$C$9/(1-(Calculator!$C$12/100)*MAX(0,1-$E95/MAX($D95,0.0001))))) -> 10491.082 | G95: =$F95*(Calculator!$C$12/100)*MAX(0,1-$E95/MAX($D95,0.0001)) -> 491.08167 | H95: =$F95-$G95 -> 10000 | I95: =$E95-IF($D95<=0,0,$E95*$F95/MAX($D95,0.0001)) -> 1215323.4 | J95: =MAX(0,$D95-$F95) -> 1766620.1 | K95: =IF(AND($J95<=0.5,$A95<=Calculator!$C$11*12),1,0) -> 0
A96: 93 | B96: =$J$95 -> 1766620.1 | C96: =IF($B96<=0,0,$B96*(POWER(1+Calculator!$C$10/100,1/12)-1)) -> 7197.429 | D96: =$B96+$C96 -> 1773817.5 | E96: =$I$95 -> 1215323.4 | F96: =IF(OR($D96<=0,$A96>Calculator!$C$11*12),0,MIN($D96,Calculator!$C$9/(1-(Calculator!$C$12/100)*MAX(0,1-$E96/MAX($D96,0.0001))))) -> 10495.692 | G96: =$F96*(Calculator!$C$12/100)*MAX(0,1-$E96/MAX($D96,0.0001)) -> 495.69208 | H96: =$F96-$G96 -> 10000 | I96: =$E96-IF($D96<=0,0,$E96*$F96/MAX($D96,0.0001)) -> 1208132.4 | J96: =MAX(0,$D96-$F96) -> 1763321.8 | K96: =IF(AND($J96<=0.5,$A96<=Calculator!$C$11*12),1,0) -> 0
A97: 94 | B97: =$J$96 -> 1763321.8 | C97: =IF($B97<=0,0,$B97*(POWER(1+Calculator!$C$10/100,1/12)-1)) -> 7183.9914 | D97: =$B97+$C97 -> 1770505.8 | E97: =$I$96 -> 1208132.4 | F97: =IF(OR($D97<=0,$A97>Calculator!$C$11*12),0,MIN($D97,Calculator!$C$9/(1-(Calculator!$C$12/100)*MAX(0,1-$E97/MAX($D97,0.0001))))) -> 10500.288 | G97: =$F97*(Calculator!$C$12/100)*MAX(0,1-$E97/MAX($D97,0.0001)) -> 500.28781 | H97: =$F97-$G97 -> 10000 | I97: =$E97-IF($D97<=0,0,$E97*$F97/MAX($D97,0.0001)) -> 1200967.3 | J97: =MAX(0,$D97-$F97) -> 1760005.5 | K97: =IF(AND($J97<=0.5,$A97<=Calculator!$C$11*12),1,0) -> 0
A98: 95 | B98: =$J$97 -> 1760005.5 | C98: =IF($B98<=0,0,$B98*(POWER(1+Calculator!$C$10/100,1/12)-1)) -> 7170.4804 | D98: =$B98+$C98 -> 1767176 | E98: =$I$97 -> 1200967.3 | F98: =IF(OR($D98<=0,$A98>Calculator!$C$11*12),0,MIN($D98,Calculator!$C$9/(1-(Calculator!$C$12/100)*MAX(0,1-$E98/MAX($D98,0.0001))))) -> 10504.869 | G98: =$F98*(Calculator!$C$12/100)*MAX(0,1-$E98/MAX($D98,0.0001)) -> 504.8689 | H98: =$F98-$G98 -> 10000 | I98: =$E98-IF($D98<=0,0,$E98*$F98/MAX($D98,0.0001)) -> 1193828.3 | J98: =MAX(0,$D98-$F98) -> 1756671.2 | K98: =IF(AND($J98<=0.5,$A98<=Calculator!$C$11*12),1,0) -> 0
A99: 96 | B99: =$J$98 -> 1756671.2 | C99: =IF($B99<=0,0,$B99*(POWER(1+Calculator!$C$10/100,1/12)-1)) -> 7156.8957 | D99: =$B99+$C99 -> 1763828.1 | E99: =$I$98 -> 1193828.3 | F99: =IF(OR($D99<=0,$A99>Calculator!$C$11*12),0,MIN($D99,Calculator!$C$9/(1-(Calculator!$C$12/100)*MAX(0,1-$E99/MAX($D99,0.0001))))) -> 10509.435 | G99: =$F99*(Calculator!$C$12/100)*MAX(0,1-$E99/MAX($D99,0.0001)) -> 509.43538 | H99: =$F99-$G99 -> 10000 | I99: =$E99-IF($D99<=0,0,$E99*$F99/MAX($D99,0.0001)) -> 1186715.1 | J99: =MAX(0,$D99-$F99) -> 1753318.6 | K99: =IF(AND($J99<=0.5,$A99<=Calculator!$C$11*12),1,0) -> 0
A100: 97 | B100: =$J$99 -> 1753318.6 | C100: =IF($B100<=0,0,$B100*(POWER(1+Calculator!$C$10/100,1/12)-1)) -> 7143.2371 | D100: =$B100+$C100 -> 1760461.9 | E100: =$I$99 -> 1186715.1 | F100: =IF(OR($D100<=0,$A100>Calculator!$C$11*12),0,MIN($D100,Calculator!$C$9/(1-(Calculator!$C$12/100)*MAX(0,1-$E100/MAX($D100,0.0001))))) -> 10513.987 | G100: =$F100*(Calculator!$C$12/100)*MAX(0,1-$E100/MAX($D100,0.0001)) -> 513.98727 | H100: =$F100-$G100 -> 10000 | I100: =$E100-IF($D100<=0,0,$E100*$F100/MAX($D100,0.0001)) -> 1179627.6 | J100: =MAX(0,$D100-$F100) -> 1749947.9 | K100: =IF(AND($J100<=0.5,$A100<=Calculator!$C$11*12),1,0) -> 0
...

Sheet About & Assumptions
B2: About this workbook
B4: WHAT THIS WORKBOOK DOES
B5: It answers one question offline: if you take a fixed monthly amount out of your savings, does the money last for the period you choose, and what is left at the end.
B8: WHAT IT DOES NOT DO
B9: It does not model market ups and downs | C9: The return is the same every year.
B10: It does not calculate your real tax | C10: One flat rate you enter, applied to the gain only.
B11: It does not know how long you'll need the money | C11: You choose the period.
B12: It is not financial advice | C12: A planning estimate, based on what you entered.
B14: FOR THESE, USE THE FULL CALCULATOR ONLINE
B15: Work out how much you can receive | C15: instead of telling us the amount
B16: Country-specific tax assumptions | C16: with sources
B17: Compare scenarios side by side | C17: and see what changes the answer
B18: Guide, FAQ and worked examples | C18: to understand what the numbers mean
B20: Open the full calculator online ↗
B22: ASSUMPTIONS USED
B23: Withdrawals | C23: Taken monthly, at the end of each month.
B24: Growth | C24: Applied monthly, from the annual rate you enter.
B25: Tax | C25: Charged on the gain portion of each withdrawal only, not the whole amount.
B26: Cost basis | C26: Reduced proportionally as the fund is drawn down.
B27: Inflation | C27: Applied only to the 'today's money' figure, not to the withdrawals.
B28: Maximum period | C28: 30 years (360 months).
B30: THE WORKBOOK
B31: Site | C31: needtheseapps.com
B32: Sheets | C32: Calculator · Breakdown · About & Assumptions
B33: Version | C33: 2.0
B34: Generated | C34: 01.10.2026
B35: Currency | C35: ="Shown in "&Calculator!$C$13&", which you set on the Calculator sheet." -> Shown in $, which you set on the Calculator sheet.
B37: This file does not update itself. The site does.

Sheet _Engine
A1: Helper calculations — do not edit
A2: Depleted month # | B2: =IFERROR(MATCH(1,Breakdown!$K$4:$K$363,0),"")
A3: Last active month | B3: =IF($B$2="",Calculator!$C$11*12,$B$2) -> 120
A4: Ending balance | B4: =IF($B$2="",INDEX(Breakdown!$J$4:$J$363,$B$3),0) -> 1667253.8
A5: Net income total | B5: =SUMIFS(Breakdown!$H$4:$H$363,Breakdown!$A$4:$A$363,"<="&$B$3) -> 1200000
A6: Withdrawal rate % | B6: =IF(Calculator!$C$8=0,0,Calculator!$C$9*12/Calculator!$C$8*100) -> 6
